Workbook
Name Activo_Información: Hoja3!$I$34:$I$38
Name Apoyo: Hoja3!$E$87:$E$92
Name Corrupcion: Hoja3!$I$1:$I$3
Name Cumplimiento: Hoja1!$D$3:$D$7
Name Dependencia: Hoja3!$C$72:$C$102
Name Dirección: Hoja3!$E$72:$E$73
Name Estrategicos: Hoja1!$D$3:$D$7
Name Financieros: Hoja1!$D$3:$D$7
Name Gerenciales: Hoja1!$D$3:$D$7
Name Imagen_o_Reputacional: Hoja1!$D$3:$D$7
Name Operativos: Hoja1!$D$3:$D$7
Name Prestación_del_Servicio: Hoja3!$E$74:$E$85
Name Tecnologicos: Hoja1!$D$3:$D$7
Name Tipo: Hoja3!$A$66:$A$68
Name TIPO_PROCESO: Hoja1!$B$2:$B$6
Name TIPOLOGIA_DE_RIESGOS: Hoja1!$C$3:$C$10

Sheet 0.Portada
C1: MAPA DE RIESGOS DE GESTIÓN Y CORRUPCIÓN | L1: Página 1 de 6
L5: Código: | M5: FR-01-PR-MEJ-05
L7: Versión: | M7: 3
L8: Fecha: | M8: 43783
A9: PROCESO | B9: FOMENTO | E9: RESPONSABLE DEL PROCESO | G9: DIRECTOR (A) DE FOMENTO | J9: LÍDER SISTEMAS DE GESTIÓN | L9: RUBY LORENA CRUZ
A26: VERSION | B26: FECHA | C26: RAZÓN DE LA ACTUALIZACION
A27: 1 | B27: Diciembre 24 del 2018 | C27: Se elaborá manual MN-01-PR-MEJ-05 Metodología administración de riesgos de gestión - corrupción y formato FR-01-PR-MEJ-05 para su respectivo seguimiento.
B28: Enero del 2019 | C28: Se actualiza los riesgos de la Secretaría de Cultura, Recreación y Deporte con el fin de unificar riesgos de gestión y corrupción en cumplimiento de la actualizacion de los lineamiento de administración de riesgos.
A29: 2 | B29: Noviembre 13 del 2019 | C29: Se modifica el formato incluyendo todos los pasos para la formulación de riesgos, anexa mapa de calor y en la valoración del riesgo se incluye valoración de controles rango calificación del diseño, rango calificación de la ejecución y solidez del control integralmente (Diseño y Ejecución). orfeo no. 20195000215133
A30: 3 | B30: Diciembre 09 del 2019 | C30: Actualización Mapa de Riesgos 2020 radicado Orfeo no. 20192200234973
A31: 4 | B31: Diciembre 17/2020 | C31: Se actualiza mapa de riesgos del proceso de Fomento radicado Orfeo no.20202200279763, de acuerdo con el mapeo radicado Orfeo no. 20202200279753.
A32: 5 | B32: Julio 17/2020 | C32: Se actualiza mapa de riesgos del proceso de Fomento radicado Orfeo no.Radicado No.20212200187843, solicitando ajuste al plan de manejo en las tareas del Riesgo No. 2,3 y la fecha de terminación de la tarea asociada al Riesgo No. 1 , con su respectiva justificación en la solicitud de modificación.
A35: Seguimiento y Monitoreo
B37: Elaboró | G37: Revisó
B38: Nombre | C38: ANDRES RIAÑO DIAZ | G38: Nombre | H38: FRANCY YOBANNA MORALES ACOSTA
B39: Cargo | C39: Profesional Universitario | G39: Cargo | H39: Directora de Fomento
B40: Dependencia | C40: Dirección de Fomento | G40: Dependencia | H40: Dirección de Fomento
B41: Fecha | C41: diciembre de 2020 | G41: Fecha | H41: diciembre de 2020

Sheet 1.Contexto
B1: MAPA DE RIESGOS | X1: Página 1 de 6
X5: Código: | Z5: FR-01-PR-MEJ-05
X7: Versión: | Z7: 3
X8: Fecha: | Z8: 43783
A9: Partiendo del contexto de la entidad "FT-01-DES-EST Conocimiento y contexto de la Organización para el Direccionamiento Estratégico" y el mapeo de cada uno de los procesos, se analiza las amenzas y debilidades que pueden generar situación de riesgo, teniendo en cuenta los objetivos estratégicos y de proceso de la entidad, a nivel de Contexto interno, externo y del Proceso.
A11: CONTEXTO ESTRATÉGICO DE LOS PROCESO
A13: EXTERNOS | J13: INTERNOS | S13: PROCESO
A14: FACTORES | B14: AMENAZAS | F14: SITUACION DE RIESGO | J14: FACTORES | K14: DEBILIDADES | N14: SITUACION DE RIESGO | S14: FACTORES | T14: DEBILIDADES | W14: SITUACION DE RIESGO
A15: ECONÓMICOS (Disponibilidad de capital, liquidez, mercados financieros, desempleo, competencia). | J15: FINANCIEROS (Presupuesto de funcionamiento, recursos de inversión, infraestructura, capacidad instalada). | S15: DISEÑO DEL PROCESO (Claridad en la descripción del alcance y objetivo del proceso).
A19: POLÍTICOS (Cambios de gobierno, legislación, políticas públicas, regulación). | J19: PERSONAL (Competencia del personal, disponibilidad del personal, seguridad y salud ocupacional). | S19: INTERACCIONES CON OTROS PROCESOS (Relación precisa con otros procesos en cuanto a insumos, proveedores, productos, usuarios o clientes).
A24: SOCIALES ( Demografía, responsabilidad social, orden público). | B24: 1. Las estrategias de difusión y comunicación de la convocatoria no son efectivas, falencias en la formulación de la convocatoria. 2. Falta de interés por parte de las entidades y organizaciones sociales y culturales del sector en los procesos de convocatoria. (FT-01-DES-EST) | F24: Las propuestas inscritas en cada una de las convocatorias no sean suficientes para entregrar y ejecutar la totalidad de los recursos asignados. (R1) | J24: PROCESOS (Capacidad, diseño, ejecución, proveedores, entradas, salidas, gestión del conocimiento). | S24: TRANSVERSALIDAD (Procesos que determinan lineamientos necesarios para el desarrollo de todos los procesos de la entidad).
A27: TECNOLÓGICOS (Avances en tecnología, acceso a sistemas de información externos, gobierno en línea) | J27: TECNOLOGÍA (Integridad de datos, disponibilidad de datos y sistemas, desarrollo, producción, mantenimiento de sistemas de información). | S27: PROCEDIMIENTOS ASOCIADOS (Pertinencia en los procedimientos que desarrollan los procesos).
A32: MEDIO AMBIENTALES (Emisiones y residuos, energía, catástrofes naturales, desarrollo sostenible). | J32: ESTRATÉGICOS (Direccionamiento estratégico, planeación institucional, liderazgo, trabajo en equipo y Legal). | S32: RESPONSABLES DEL PROCESO (Grado de autoridad y responsabilidad de los funcionarios frente al proceso). | T32: Los responsables misionales no realizan proceso de acompañamiento a las actividades planteadas en los proyectos ganadores. | W32: Incumplimiento en la ejecución de las actividades planteadas en los proyectos ganadores de las convocatorias. (R2)
T33: Manipulación de la información para beneficiar algún participante. | W33: Manipulación de la información para que los participantes reciban un beneficio economico sin cumplir con los requisitos establecidos, para beneficio porpio o de un tercero. (R3)
A36: COMUNICACIÓN EXTERNA (Mecanismos utilizados para entrar en contacto con los usuarios o ciudadanos, canales establecidos para que el mismo se comunique con la entidad). | J36: COMUNICACIÓN INTERNA (Canales utilizados y su efectividad, flujo de la información necesaria para el desarrollo de las operaciones). | S36: COMUNICACIÓN ENTRE LOS PROCESOS (Efectividad en los flujos de información determinados en la interacción de los procesos).

Sheet 2.Identificacion_Riesgos
E1: MAPA DE RIESGOS | R1: Página 2 de 6
R5: Código: | U5: FR-01-PR-MEJ-05
R6: Versión: | U6: 3
R7: Fecha: | U7: 43783
A8: ID | B8: TIPO DE PROCESO | C8: PROCESO | D8: DEPENDENCIA | E8: RIESGO | F8: CAUSAS INTERNAS/EXTERNAS | G8: CONSECUENCIA | H8: TIPOLOGÍA DE RIESGOS | I8: PROBABILIDAD | K8: IMPACTO | M8: ZONA DE RIESGO INHERENTE | N8: CONTROLES (ID CONTROL) | O8: CALIFICACIÓN CONTROLES PROBABILIDAD | P8: CALIFICACIÓN CONTROLES IMPACTO | Q8: PROBABILIDAD | S8: IMPACTO | U8: ZONA DE RIESGO RESIDUAL | V8: OPCIONES DE MANEJO
A10: R1 | B10: Misional | C10: Fomento | D10: Dirección de Fomento | E10: Las propuestas inscritas en cada una de las convocatorias no sean suficientes para entregrar y ejecutar la totalidad de los recursos asignados. | F10: 1. Los canales de difusión utilizados no integran la totalidad de la poblción objetivo. | G10: 1, Incumplimiento metas institucionales. 2, Desaprovechamiento de los recuros destinados para las convocatorias | H10: Operativos | I10: Posible | J10: =IF(I10="Raro",1,IF(I10="Improbable",2,IF(I10="Posible",3,IF(I10="Probable",4,IF(I10="Casi Seguro",5))))) -> 3 | K10: Menor | L10: =IF(K10="Insignificante",1,IF(K10="Menor",2,IF(K10="Moderado",3,IF(K10="Mayor ",4,IF(K10="Catastrófico",5))))) -> 2 | M10: =IF(AND(J10=1,L10=1),"BAJO 4%",IF(AND(J10=1,L10=2),"BAJO 16%",IF(AND(J10=2,L10=1),"BAJO 8%",IF(AND(J10=2,L10=2),"BAJO 20%",IF(AND(J10=3,L10=1),"BAJO 12%",IF(AND(J10=4,L10=1),"MODERADO 24%",IF(AND(J10=3,L10=2),"MODERADO 28%",IF(AND(J10=1,L10=3),"MODERADO 32%",IF(AND(J10=2,L10=3),"MODERADO 36%",IF(AND(J10=5,L10=1),"ALTO 40%",IF(AND(J10=4,L10=2),"ALTO 44%",IF(AND(J10=5,L10=2),"ALTO 48%",IF(AND(J10=3,L10=3),"ALTO 52%",IF(AND(J10=4,L10=3),"ALTO 56%",IF(AND(J10=1,L10=4),"ALTO 60%",IF(AND(J10=2,L10=4),"ALTO 64%",IF(AND(J10=1,L10=5),"ALTO 68%",IF(AND(J10=5,L10=3),"EXTREMA 72%",IF(AND(J10=3,L10=4),"EXTREMA 76%",IF(AND(J10=4,L10=4),"EXTREMA 80%",IF(AND(J10=5,L10=4),"EXTREMA 84%",IF(AND(J10=2,L10=5),"EXTREMA 88%",IF(AND(J10=3,L10=5),"EXTREMA 92%",IF(AND(J10=4,L10=5),"EXTREMA 96%",IF(AND(J10=5,L10=5),"EXTREMA 100%"))))))))))))))))))))))))) -> MODERADO 28% | N10: =IF('3.Controles'!D12=1,"C1",IF('3.Controles'!D12=2,"C1,C2",IF('3.Controles'!D12=3,"C1,C2,C3",IF('3.Controles'!D12=4,"C1,C2,C3,C4",IF('3.Controles'!D12=5,"C1,C2,C3,C4,C5",IF('3.Controles'!D12=6,"C1,C2,C3,C4,C5,C6")))))) -> C1,C2 | O10: ='3.Controles'!V12 -> 100 | P10: ='3.Controles'!V11 -> 100 | Q10: =IF(R10=1,"Raro",IF(R10=2,"Improbable",IF(R10=3,"Posible",IF(R10=4,"Probable",IF(R10=5,"Casi Seguro"))))) -> Raro | R10: =IF('3.Controles'!U12=1,IF('3.Controles'!V12<55,J10,IF('3.Controles'!V12<75,J10-1,IF('3.Controles'!V12<110,J10-2))),J10) -> 1 | S10: =IF(T10=1,"Insignificante",IF(T10=2,"Menor",IF(T10=3,"Moderado",IF(T10=4,"Mayor",IF(T10=5,"Catastrofico"))))) -> Insignificante | T10: =IF('3.Controles'!U11=1,IF('3.Controles'!V11<55,L14,IF('3.Controles'!V11<75,L14-1,IF('3.Controles'!V11<110,L14-2))),L14) -> 1 | U10: =IF(AND(R10=1,T10=1),"BAJO 4%",IF(AND(R10=1,T10=2),"BAJO 16%",IF(AND(R10=2,T10=1),"BAJO 8%",IF(AND(R10=2,T10=2),"BAJO 20%",IF(AND(R10=3,T10=1),"BAJO 12%",IF(AND(R10=4,T10=1),"MODERADO 24%",IF(AND(R10=3,T10=2),"MODERADO 28%",IF(AND(R10=1,T10=3),"MODERADO 32%",IF(AND(R10=2,T10=3),"MODERADO 36%",IF(AND(R10=5,T10=1),"ALTO 40%",IF(AND(R10=4,T10=2),"ALTO 44%",IF(AND(R10=5,T10=2),"ALTO 48%",IF(AND(R10=3,T10=3),"ALTO 52%",IF(AND(R10=4,T10=3),"ALTO 56%",IF(AND(R10=1,T10=4),"ALTO 60%",IF(AND(R10=2,T10=4),"ALTO 64%",IF(AND(R10=1,T10=5),"ALTO 68%",IF(AND(R10=5,T10=3),"EXTREMA 72%",IF(AND(R10=3,T10=4),"EXTREMA 76%",IF(AND(R10=4,T10=4),"EXTREMA 80%",IF(AND(R10=5,T10=4),"EXTREMA 84%",IF(AND(R10=2,T10=5),"EXTREMA 88%",IF(AND(R10=3,T10=5),"EXTREMA 92%",IF(AND(R10=4,T10=5),"EXTREMA 96%",IF(AND(R10=5,T10=5),"EXTREMA 100%"))))))))))))))))))))))))) -> BAJO 4% | V10: REDUCIRLO O MITIGARLO
F11: 2, La formulación de las convocatorias no contempló un análisis profundo de la población objetivo de la convocatoria.
A12: R2 | B12: Misional | C12: Fomento | D12: Dirección de Fomento | E12: Incumplimiento en la ejecución de las actividades planteadas en los proyectos ganadores de las convocatorias. | F12: 1,No se presta el acompañamiento adecuado por parte de las SCRD para el cumpliento de las actividades. | G12: 1, Perdida de creidibilidad de los proceso que adelanta la entidad. 2, Sanciones disiplinarias. | H12: Cumplimiento | I12: Raro | J12: =IF(I12="Raro",1,IF(I12="Improbable",2,IF(I12="Posible",3,IF(I12="Probable",4,IF(I12="Casi Seguro",5))))) -> 1 | K12: Menor | L12: =IF(K12="Insignificante",1,IF(K12="Menor",2,IF(K12="Moderado",3,IF(K12="Mayor ",4,IF(K12="Catastrófico",5))))) -> 2 | M12: =IF(AND(J12=1,L12=1),"BAJO 4%",IF(AND(J12=1,L12=2),"BAJO 16%",IF(AND(J12=2,L12=1),"BAJO 8%",IF(AND(J12=2,L12=2),"BAJO 20%",IF(AND(J12=3,L12=1),"BAJO 12%",IF(AND(J12=4,L12=1),"MODERADO 24%",IF(AND(J12=3,L12=2),"MODERADO 28%",IF(AND(J12=1,L12=3),"MODERADO 32%",IF(AND(J12=2,L12=3),"MODERADO 36%",IF(AND(J12=5,L12=1),"ALTO 40%",IF(AND(J12=4,L12=2),"ALTO 44%",IF(AND(J12=5,L12=2),"ALTO 48%",IF(AND(J12=3,L12=3),"ALTO 52%",IF(AND(J12=4,L12=3),"ALTO 56%",IF(AND(J12=1,L12=4),"ALTO 60%",IF(AND(J12=2,L12=4),"ALTO 64%",IF(AND(J12=1,L12=5),"ALTO 68%",IF(AND(J12=5,L12=3),"EXTREMA 72%",IF(AND(J12=3,L12=4),"EXTREMA 76%",IF(AND(J12=4,L12=4),"EXTREMA 80%",IF(AND(J12=5,L12=4),"EXTREMA 84%",IF(AND(J12=2,L12=5),"EXTREMA 88%",IF(AND(J12=3,L12=5),"EXTREMA 92%",IF(AND(J12=4,L12=5),"EXTREMA 96%",IF(AND(J12=5,L12=5),"EXTREMA 100%"))))))))))))))))))))))))) -> BAJO 16% | N12: =IF('3.Controles'!D16=1,"C1",IF('3.Controles'!D16=2,"C1,C2",IF('3.Controles'!D16=3,"C1,C2,C3",IF('3.Controles'!D16=4,"C1,C2,C3,C4",IF('3.Controles'!D16=5,"C1,C2,C3,C4,C5",IF('3.Controles'!D16=6,"C1,C2,C3,C4,C5,C6")))))) -> C1,C2 | O12: ='3.Controles'!V16 -> 85 | P12: ='3.Controles'!V15 -> 100 | Q12: =IF(R12=1,"Raro",IF(R12=2,"Improbable",IF(R12=3,"Posible",IF(R12=4,"Probable",IF(R12=5,"Casi Seguro"))))) -> Raro | R12: =IF('3.Controles'!U16=1,IF('3.Controles'!V16<55,L14,IF('3.Controles'!V16<75,L14-1,IF('3.Controles'!V16<110,L14-2))),L14) -> 1 | S12: =IF(T12=1,"Insignificante",IF(T12=2,"Menor",IF(T12=3,"Moderado",IF(T12=4,"Mayor",IF(T12=5,"Catastrofico"))))) -> Insignificante | T12: =IF('3.Controles'!U15=1,IF('3.Controles'!V15<55,L14,IF('3.Controles'!V15<75,L14-1,IF('3.Controles'!V15<110,L14-2))),L14) -> 1 | U12: =IF(AND(R12=1,T12=1),"BAJO 4%",IF(AND(R12=1,T12=2),"BAJO 16%",IF(AND(R12=2,T12=1),"BAJO 8%",IF(AND(R12=2,T12=2),"BAJO 20%",IF(AND(R12=3,T12=1),"BAJO 12%",IF(AND(R12=4,T12=1),"MODERADO 24%",IF(AND(R12=3,T12=2),"MODERADO 28%",IF(AND(R12=1,T12=3),"MODERADO 32%",IF(AND(R12=2,T12=3),"MODERADO 36%",IF(AND(R12=5,T12=1),"ALTO 40%",IF(AND(R12=4,T12=2),"ALTO 44%",IF(AND(R12=5,T12=2),"ALTO 48%",IF(AND(R12=3,T12=3),"ALTO 52%",IF(AND(R12=4,T12=3),"ALTO 56%",IF(AND(R12=1,T12=4),"ALTO 60%",IF(AND(R12=2,T12=4),"ALTO 64%",IF(AND(R12=1,T12=5),"ALTO 68%",IF(AND(R12=5,T12=3),"EXTREMA 72%",IF(AND(R12=3,T12=4),"EXTREMA 76%",IF(AND(R12=4,T12=4),"EXTREMA 80%",IF(AND(R12=5,T12=4),"EXTREMA 84%",IF(AND(R12=2,T12=5),"EXTREMA 88%",IF(AND(R12=3,T12=5),"EXTREMA 92%",IF(AND(R12=4,T12=5),"EXTREMA 96%",IF(AND(R12=5,T12=5),"EXTREMA 100%"))))))))))))))))))))))))) -> BAJO 4% | V12: REDUCIRLO O MITIGARLO
F13: 2, El proceso de evaluación no identifica las falencias en la formulación de los proyectos.
A14: R3 | B14: Misional | C14: Fomento | D14: Dirección de Fomento | E14: Manipulación de la información para que los participantes reciban un beneficio economico sin cumplir con los requisitos establecidos, para beneficio porpio o de un tercero. | F14: 1, No se realiza la adecuada verificación de las propuestas por parte de el misional encragado de la convocatoria. | G14: Perdida de credibilidad de los programas, generando sanciones disciplinarias, fiscales y penales. | H14: Corrupcion | I14: Posible | J14: =IF(I14="Raro",1,IF(I14="Improbable",2,IF(I14="Posible",3,IF(I14="Probable",4,IF(I14="Casi Seguro",5))))) -> 3 | K14: Moderado | L14: =IF(K14="Insignificante",1,IF(K14="Menor",2,IF(K14="Moderado",3,IF(K14="Mayor ",4,IF(K14="Catastrófico",5))))) -> 3 | M14: =IF(AND(J14=1,L14=1),"BAJO 4%",IF(AND(J14=1,L14=2),"BAJO 16%",IF(AND(J14=2,L14=1),"BAJO 8%",IF(AND(J14=2,L14=2),"BAJO 20%",IF(AND(J14=3,L14=1),"BAJO 12%",IF(AND(J14=4,L14=1),"MODERADO 24%",IF(AND(J14=3,L14=2),"MODERADO 28%",IF(AND(J14=1,L14=3),"MODERADO 32%",IF(AND(J14=2,L14=3),"MODERADO 36%",IF(AND(J14=5,L14=1),"ALTO 40%",IF(AND(J14=4,L14=2),"ALTO 44%",IF(AND(J14=5,L14=2),"ALTO 48%",IF(AND(J14=3,L14=3),"ALTO 52%",IF(AND(J14=4,L14=3),"ALTO 56%",IF(AND(J14=1,L14=4),"ALTO 60%",IF(AND(J14=2,L14=4),"ALTO 64%",IF(AND(J14=1,L14=5),"ALTO 68%",IF(AND(J14=5,L14=3),"EXTREMA 72%",IF(AND(J14=3,L14=4),"EXTREMA 76%",IF(AND(J14=4,L14=4),"EXTREMA 80%",IF(AND(J14=5,L14=4),"EXTREMA 84%",IF(AND(J14=2,L14=5),"EXTREMA 88%",IF(AND(J14=3,L14=5),"EXTREMA 92%",IF(AND(J14=4,L14=5),"EXTREMA 96%",IF(AND(J14=5,L14=5),"EXTREMA 100%"))))))))))))))))))))))))) -> ALTO 52% | N14: =IF('3.Controles'!D20=1,"C1",IF('3.Controles'!D20=2,"C1,C2",IF('3.Controles'!D20=3,"C1,C2,C3",IF('3.Controles'!D20=4,"C1,C2,C3,C4",IF('3.Controles'!D20=5,"C1,C2,C3,C4,C5",IF('3.Controles'!D20=6,"C1,C2,C3,C4,C5,C6")))))) -> C1,C2 | O14: ='3.Controles'!V20 -> 100 | P14: ='3.Controles'!V19 -> 100 | Q14: =IF(R14=1,"Raro",IF(R14=2,"Improbable",IF(R14=3,"Posible",IF(R14=4,"Probable",IF(R14=5,"Casi Seguro"))))) -> Raro | R14: =IF('3.Controles'!U20=1,IF('3.Controles'!V20<55,J14,IF('3.Controles'!V20<75,J14-1,IF('3.Controles'!V20<110,J14-2))),J14) -> 1 | S14: =IF(T14=1,"Insignificante",IF(T14=2,"Menor",IF(T14=3,"Moderado",IF(T14=4,"Mayor",IF(T14=5,"Catastrofico"))))) -> Insignificante | T14: =IF('3.Controles'!U19=1,IF('3.Controles'!V19<55,L14,IF('3.Controles'!V19<75,L14-1,IF('3.Controles'!V19<110,L14-2))),L14) -> 1 | U14: =IF(AND(R14=1,T14=1),"BAJO 4%",IF(AND(R14=1,T14=2),"BAJO 16%",IF(AND(R14=2,T14=1),"BAJO 8%",IF(AND(R14=2,T14=2),"BAJO 20%",IF(AND(R14=3,T14=1),"BAJO 12%",IF(AND(R14=4,T14=1),"MODERADO 24%",IF(AND(R14=3,T14=2),"MODERADO 28%",IF(AND(R14=1,T14=3),"MODERADO 32%",IF(AND(R14=2,T14=3),"MODERADO 36%",IF(AND(R14=5,T14=1),"ALTO 40%",IF(AND(R14=4,T14=2),"ALTO 44%",IF(AND(R14=5,T14=2),"ALTO 48%",IF(AND(R14=3,T14=3),"ALTO 52%",IF(AND(R14=4,T14=3),"ALTO 56%",IF(AND(R14=1,T14=4),"ALTO 60%",IF(AND(R14=2,T14=4),"ALTO 64%",IF(AND(R14=1,T14=5),"ALTO 68%",IF(AND(R14=5,T14=3),"EXTREMA 72%",IF(AND(R14=3,T14=4),"EXTREMA 76%",IF(AND(R14=4,T14=4),"EXTREMA 80%",IF(AND(R14=5,T14=4),"EXTREMA 84%",IF(AND(R14=2,T14=5),"EXTREMA 88%",IF(AND(R14=3,T14=5),"EXTREMA 92%",IF(AND(R14=4,T14=5),"EXTREMA 96%",IF(AND(R14=5,T14=5),"EXTREMA 100%"))))))))))))))))))))))))) -> BAJO 4% | V14: REDUCIRLO O MITIGARLO
F15: 2, El proceso de evaluación por los jurados no cumple con los criterios establecidos por la convocatoria
A16: R4
A21: R5
A26: R6
A31: R7
A36: R8
A41: R9
A46: R10

Sheet Hoja1
B2: TIPO PROCESO | C2: TIPOLOGÍA DE RIESGOS | D2: IMPACTO | E2: DEPENDENCIA | F2: PROCESO | G2: ¿Existe un responsable asignado a la ejecución del control?
B3: Estratégico | C3: Estrategicos | D3: Insignificante | E3: Dirección de Planeación | F3: Direccionamiento Estratégico | G3: Asignado | H3: 15
B4: Misional | C4: Gerenciales | D4: Menor | E4: Dirección de Planeación | F4: Mejora Continua | G4: No asignado | H4: 0
B5: Apoyo | C5: Operativos | D5: Moderado | E5: Oficina Asesora de Comunicaciones | F5: Comunicaciones
B6: Evaluación | C6: Financieros | D6: Mayor | E6: Dirección de Fomento | F6: Fomento | G6: ¿El responsable tiene la autoridad y adecuada segregación de funciones en la ejecución del control?
C7: Tecnologicos | D7: Catastrófico | E7: Dirección de Cultura Ciudadana | F7: Trasnformaciones Culturales | G7: Asignado | H7: 15
C8: Cumplimiento | E8: Dirección de Lectura y Bibliotecas | F8: Transformaciones Culturales | G8: No asignado | H8: 0
C9: Imagen_o_Reputacional | E9: Dirección de Asusntos Locales | F9: Participación y Dialogo Social
C10: Corrupcion | E10: Dirección de Arte, Cultura y Patrimonio | F10: Gestión de la Infraestructura Cultural y Patrimonial | G10: ¿La oportunidad en que se ejecuta el control ayuda a prevenir la mitigación del riesgo o a detectar la materialización del riesgo de manera oportuna?
E11: Dirección de Persona Jurídicas | F11: Formalización de Entidades sin ánimo de lucro | G11: Oportuna | H11: 15
E12: Dirección de Gestión Corporativa | F12: Atención al Ciudadano | G12: Inoportuna | H12: 0
B13: Preventivo | E13: Grupo Interno de Recursos Financieros | F13: Gestión Financiera
B14: Detectivo | E14: Grupo Interno de Recursos Físicos | F14: Gestión Documental, de Recursos Físicos y Servicios Generales | G14: ¿Las actividades que se desarrollan en el control realmente buscan por si sola prevenir o detectar las causas que pueden dar origen al riesgo, ejemplo Verificar, Validar Cotejar, Comparar, Revisar, ¿etc.?
B15: No es un control | E15: Grupo Interno de Recursos Humanos | F15: Gestión de Talento Humano | G15: Prevenir | H15: 15
E16: Grupo Interno de Sistemas | F16: Gestión de Tic | G16: Detectar | H16: 10
E17: Oficina Asesora Jurídica | F17: Gestión Jurídica | G17: No es un control | H17: 0
E18: Oficina de Control interno | F18: Seguimiento y Evaluación de la Gestión
E19: Oficina de Control Iinterno Disciplinario | F19: Control Disciplinario | G19: ¿La fuente de información que se utiliza en el desarrollo del control es información confiable que permita mitigar el riesgo?
B20: FUERTE | G20: Confiable | H20: 15
B21: MODERADO | G21: No confiable | H21: 0
B22: DÉBIL
G23: ¿Las observaciones, desviaciones o diferencias identificadas como resultados de la ejecución del control son investigadas y resueltas de manera oportuna?
G24: Se investigan y resuelven oportunamente | H24: 15
B25: Adecuado | C25: Confiable | G25: No se investigan y resuelven oportunamente. | H25: 0
B26: Inadecuado | C26: No confiable
G27: ¿Se deja evidencia o rastro de la ejecución del control, que permita a cualquier tercero con la evidencia, llegar a la misma conclusión?
G28: Completa | H28: 10
G29: Incompleta | H29: 5
G30: No existente
B37: Fuerte | C37: Calificación entre 96 y 100
B38: Moderado | C38: Calificación entre 86 y 95
B39: Débil | C39: Calificación entre 0 y 85

Sheet 3.Controles
C1: MAPA DE RIESGOS | X1: Página 3 de 6
X5: Código: | Y5: FR-01-PR-MEJ-05
X6: Versión: | Y6: 3
X7: Fecha: | Y7: 43783
A8: ID RIESGO | B8: RIESGO | C8: CAUSAS | D8: ID CONTROL | E8: CONTROL | F8: ¿EN QUE DOCUMENTO, SE EVIDENCIA EL CONTROL? | G8: AFECTA IMPACTO | H8: AFECTA PROBABILIDAD | I8: ¿Existe un responsable asignado a la ejecución del control? | J8: Valor | K8: ¿El responsable tiene la autoridad y adecuada segregación de funciones en la ejecución del control? | L8: Valor | M8: ¿La oportunidad en que se ejecuta el control ayuda a prevenir la mitigación del riesgo o a detectar la materialización del riesgo de manera oportuna? | N8: Valor | O8: ¿Las actividades que se desarrollan en el control realmente buscan por si sola prevenir o detectar las causas que pueden dar origen al riesgo, ejemplo Verificar, Validar Cotejar, Comparar, Revisar (…)? | P8: Valor | Q8: ¿La fuente de información que se utiliza en el desarrollo del control es información confiable que permita mitigar el riesgo? | R8: Valor | S8: ¿Las observaciones, desviaciones o diferencias identificadas como resultados de la ejecución del control son investigadas y resueltas de manera oportuna? | T8: Valor | U8: ¿Se deja evidencia o rastro de la ejecución del control, que permita a cualquier tercero con la evidencia, llegar a la misma conclusión? | V8: Valor | W8: PUNTAJE | X8: Rango Calificación del Diseño | Y8: Rango Calificación de la ejecución | Z8: Solidez del Control Integralmente (Diseño y Ejecución)
A9: R1 | B9: ='2.Identificacion_Riesgos'!E10 -> Las propuestas inscritas en cada una de las convocatorias no sean suficientes para entregrar y ejecutar la totalidad de los recursos asignados. | C9: ='2.Identificacion_Riesgos'!F10 -> 1. Los canales de difusión utilizados no integran la totalidad de la poblción objetivo. | D9: C1 | E9: Se diseña un plan de comunicación y difusión de las convocatorias junto con la oficina asesora de comunicaciones. | F9: Acta de reunión - Estrategias de Difusión- | G9: SI | H9: NO | I9: Asignado | J9: =IF(I9="Asignado",15,0) -> 15 | K9: Adecuado | L9: =IF(K9="Adecuado",15,0) -> 15 | M9: Oportuna | N9: =IF(M9="Oportuna",15,0) -> 15 | O9: Preventivo | P9: =IF(O9="Preventivo",15,0) -> 15 | Q9: Confiable | R9: =IF(Q9="Confiable",15,0) -> 15 | S9: Se investigan y resuelven oportunamente | T9: =IF(S9="Se investigan y resuelven oportunamente",15,0) -> 15 | U9: Completa | V9: =IF(U9="Completa",10,IF(U9="Incompleta ",5,IF(U9="No existente",0,0))) -> 10 | W9: =SUM(J9,L9,N9,P9,R9,T9,V9) -> 100 | X9: =IF(W9<=85,"DÉBIL",IF(AND(W9>85,W9<=95),"MODERADO",IF(W9>96,"FUERTE","X"))) -> FUERTE | Y9: FUERTE | Z9: =IF(AND(X9="FUERTE",Y9="FUERTE"),"FUERTE",IF(AND(X9="FUERTE",Y9="MODERADO"),"MODERADO",IF(AND(X9="FUERTE",Y9="DÉBIL"),"DÉBIL",IF(AND(X9="MODERADO",Y9="FUERTE"),"MODERADO",IF(AND(X9="MODERADO",Y9="MODERADO"),"MODERADO",IF(AND(X9="MODERADO",Y9="DÉBIL"),"DÉBIL",IF(AND(X9="DÉBIL",Y9="FUERTE"),"DÉBIL",IF(AND(X9="DÉBIL",Y9="MODERADO"),"DÉBIL",IF(AND(X9="DÉBIL",Y9="DÉBIL"),"DÉBIL","XX"))))))))) -> FUERTE | AB9: Rango Calificación de la Ejecución | AC9: Opción de Respuesta al Criterio de Evaluación
C10: ='2.Identificacion_Riesgos'!F11 -> 2, La formulación de las convocatorias no contempló un análisis profundo de la población objetivo de la convocatoria. | D10: C2 | E10: Se verifica que la información correspondiente a la formulación de la convocatoria este acorde con las condiciones establecidas. | F10: Formato FR-12-PR-FOM-04 Guía Formulación Convocatorias | G10: NO | H10: SI | I10: Asignado | J10: =IF(I10="Asignado",15,0) -> 15 | K10: Adecuado | L10: =IF(K10="Adecuado",15,0) -> 15 | M10: Oportuna | N10: =IF(M10="Oportuna",15,0) -> 15 | O10: Preventivo | P10: =IF(O10="Preventivo",15,0) -> 15 | Q10: Confiable | R10: =IF(Q10="Confiable",15,0) -> 15 | S10: Se investigan y resuelven oportunamente | T10: =IF(S10="Se investigan y resuelven oportunamente",15,0) -> 15 | U10: Completa | V10: =IF(U10="Completa",10,IF(U10="Incompleta ",5,IF(U10="No existente",0,0))) -> 10 | W10: =SUM(J10,L10,N10,P10,R10,T10,V10) -> 100 | X10: =IF(W10<=85,"DÉBIL",IF(AND(W10>85,W10<=95),"MODERADO",IF(W10>96,"FUERTE","X"))) -> FUERTE | Y10: FUERTE | Z10: =IF(AND(X10="FUERTE",Y10="FUERTE"),"FUERTE",IF(AND(X10="FUERTE",Y10="MODERADO"),"MODERADO",IF(AND(X10="FUERTE",Y10="DÉBIL"),"DÉBIL",IF(AND(X10="MODERADO",Y10="FUERTE"),"MODERADO",IF(AND(X10="MODERADO",Y10="MODERADO"),"MODERADO",IF(AND(X10="MODERADO",Y10="DÉBIL"),"DÉBIL",IF(AND(X10="DÉBIL",Y10="FUERTE"),"DÉBIL",IF(AND(X10="DÉBIL",Y10="MODERADO"),"DÉBIL",IF(AND(X10="DÉBIL",Y10="DÉBIL"),"DÉBIL","XX"))))))))) -> FUERTE | AB10: Fuerte | AC10: El control se ejecuta de manera consistente por parte del responsable
G11: NO | H11: SI | T11: IMPACTO | U11: =IF(G12>0,1,0) -> 1 | V11: =ROUNDDOWN(W11,0) -> 100 | W11: =AVERAGEIF(G9:G10,"SI",W9:W10) -> 100 | X11: =IF(W11<=85,"DÉBIL",IF(AND(W11>85,W11<=95),"MODERADO",IF(W11>96,"FUERTE","X"))) -> FUERTE | Y11: FUERTE | Z11: =IF(AND(X11="FUERTE",Y11="FUERTE"),"FUERTE",IF(AND(X11="FUERTE",Y11="MODERADO"),"MODERADO",IF(AND(X11="FUERTE",Y11="DÉBIL"),"DÉBIL",IF(AND(X11="MODERADO",Y11="FUERTE"),"MODERADO",IF(AND(X11="MODERADO",Y11="MODERADO"),"MODERADO",IF(AND(X11="MODERADO",Y11="DÉBIL"),"DÉBIL",IF(AND(X11="DÉBIL",Y11="FUERTE"),"DÉBIL",IF(AND(X11="DÉBIL",Y11="MODERADO"),"DÉBIL",IF(AND(X11="DÉBIL",Y11="DÉBIL"),"DÉBIL","XX"))))))))) -> FUERTE
D12: =COUNTA(D9:D10) -> 2 | G12: =COUNTIF(G9:G10,"SI") -> 1 | H12: =COUNTIF(H9:H10,"SI") -> 1 | T12: PROBABILIDAD | U12: =IF(H12>0,1,0) -> 1 | V12: =ROUNDDOWN(W12,0) -> 100 | W12: =AVERAGEIF(H9:H10,"SI",W9:W10) -> 100 | X12: =IF(W12<=85,"DÉBIL",IF(AND(W12>85,W12<=95),"MODERADO",IF(W12>96,"FUERTE","X"))) -> FUERTE | Y12: MODERADO | Z12: =IF(AND(X12="FUERTE",Y12="FUERTE"),"FUERTE",IF(AND(X12="FUERTE",Y12="MODERADO"),"MODERADO",IF(AND(X12="FUERTE",Y12="DÉBIL"),"DÉBIL",IF(AND(X12="MODERADO",Y12="FUERTE"),"MODERADO",IF(AND(X12="MODERADO",Y12="MODERADO"),"MODERADO",IF(AND(X12="MODERADO",Y12="DÉBIL"),"DÉBIL",IF(AND(X12="DÉBIL",Y12="FUERTE"),"DÉBIL",IF(AND(X12="DÉBIL",Y12="MODERADO"),"DÉBIL",IF(AND(X12="DÉBIL",Y12="DÉBIL"),"DÉBIL","XX"))))))))) -> MODERADO
A13: R2 | B13: ='2.Identificacion_Riesgos'!E12 -> Incumplimiento en la ejecución de las actividades planteadas en los proyectos ganadores de las convocatorias. | C13: ='2.Identificacion_Riesgos'!F12 -> 1,No se presta el acompañamiento adecuado por parte de las SCRD para el cumpliento de las actividades. | D13: C1 | E13: Se verifica el cumplimiento de las actividades a través del acompañamiento de cada uno de los responsables encargados. | F13: Informe final de ganadores y certificado de seguimiento de la ejecución. | G13: NO | H13: SI | I13: Asignado | J13: =IF(I13="Asignado",15,0) -> 15 | K13: Adecuado | L13: =IF(K13="Adecuado",15,0) -> 15 | M13: Oportuna | N13: =IF(M13="Oportuna",15,0) -> 15 | O13: Detectivo | P13: =IF(O13="Preventivo",15,0) -> 0 | Q13: Confiable | R13: =IF(Q13="Confiable",15,0) -> 15 | S13: Se investigan y resuelven oportunamente | T13: =IF(S13="Se investigan y resuelven oportunamente",15,0) -> 15 | U13: Completa | V13: =IF(U13="Completa",10,IF(U13="Incompleta ",5,IF(U13="No existente",0,0))) -> 10 | W13: =SUM(J13,L13,N13,P13,R13,T13,V13) -> 85 | X13: =IF(W13<=85,"DÉBIL",IF(AND(W13>85,W13<=95),"MODERADO",IF(W13>96,"FUERTE","X"))) -> DÉBIL | Y13: DÉBIL | Z13: =IF(AND(X13="FUERTE",Y13="FUERTE"),"FUERTE",IF(AND(X13="FUERTE",Y13="MODERADO"),"MODERADO",IF(AND(X13="FUERTE",Y13="DÉBIL"),"DÉBIL",IF(AND(X13="MODERADO",Y13="FUERTE"),"MODERADO",IF(AND(X13="MODERADO",Y13="MODERADO"),"MODERADO",IF(AND(X13="MODERADO",Y13="DÉBIL"),"DÉBIL",IF(AND(X13="DÉBIL",Y13="FUERTE"),"DÉBIL",IF(AND(X13="DÉBIL",Y13="MODERADO"),"DÉBIL",IF(AND(X13="DÉBIL",Y13="DÉBIL"),"DÉBIL","XX"))))))))) -> DÉBIL
C14: ='2.Identificacion_Riesgos'!F13 -> 2, El proceso de evaluación no identifica las falencias en la formulación de los proyectos. | D14: C2 | E14: Se realiza proceso de evaluación a cada una de las propuestas participantes. | F14: Planilla de evaluación de jurados (en linea) - Plataforma Convocatorias. | G14: SI | H14: NO | I14: Asignado | J14: =IF(I14="Asignado",15,0) -> 15 | K14: Adecuado | L14: =IF(K14="Adecuado",15,0) -> 15 | M14: Oportuna | N14: =IF(M14="Oportuna",15,0) -> 15 | O14: Preventivo | P14: =IF(O14="Preventivo",15,0) -> 15 | Q14: Confiable | R14: =IF(Q14="Confiable",15,0) -> 15 | S14: Se investigan y resuelven oportunamente | T14: =IF(S14="Se investigan y resuelven oportunamente",15,0) -> 15 | U14: Completa | V14: =IF(U14="Completa",10,IF(U14="Incompleta ",5,IF(U14="No existente",0,0))) -> 10 | W14: =SUM(J14,L14,N14,P14,R14,T14,V14) -> 100 | X14: =IF(W14<=85,"DÉBIL",IF(AND(W14>85,W14<=95),"MODERADO",IF(W14>96,"FUERTE","X"))) -> FUERTE | Y14: MODERADO | Z14: =IF(AND(X14="FUERTE",Y14="FUERTE"),"FUERTE",IF(AND(X14="FUERTE",Y14="MODERADO"),"MODERADO",IF(AND(X14="FUERTE",Y14="DÉBIL"),"DÉBIL",IF(AND(X14="MODERADO",Y14="FUERTE"),"MODERADO",IF(AND(X14="MODERADO",Y14="MODERADO"),"MODERADO",IF(AND(X14="MODERADO",Y14="DÉBIL"),"DÉBIL",IF(AND(X14="DÉBIL",Y14="FUERTE"),"DÉBIL",IF(AND(X14="DÉBIL",Y14="MODERADO"),"DÉBIL",IF(AND(X14="DÉBIL",Y14="DÉBIL"),"DÉBIL","XX"))))))))) -> MODERADO
T15: IMPACTO | U15: =IF(G16>0,1,0) -> 1 | V15: =ROUNDDOWN(W15,0) -> 100 | W15: =AVERAGEIF(G13:G14,"SI",W13:W14) -> 100 | X15: =IF(W15<=85,"DÉBIL",IF(AND(W15>85,W15<=95),"MODERADO",IF(W15>96,"FUERTE","X"))) -> FUERTE | Z15: =IF(AND(X15="FUERTE",Y15="FUERTE"),"FUERTE",IF(AND(X15="FUERTE",Y15="MODERADO"),"MODERADO",IF(AND(X15="FUERTE",Y15="DÉBIL"),"DÉBIL",IF(AND(X15="MODERADO",Y15="FUERTE"),"MODERADO",IF(AND(X15="MODERADO",Y15="MODERADO"),"MODERADO",IF(AND(X15="MODERADO",Y15="DÉBIL"),"DÉBIL",IF(AND(X15="DÉBIL",Y15="FUERTE"),"DÉBIL",IF(AND(X15="DÉBIL",Y15="MODERADO"),"DÉBIL",IF(AND(X15="DÉBIL",Y15="DÉBIL"),"DÉBIL","XX"))))))))) -> XX
D16: =COUNTA(D13:D14) -> 2 | G16: =COUNTIF(G12:G14,"SI") -> 1 | H16: =COUNTIF(H13:H15,"SI") -> 1 | T16: PROBABILIDAD | U16: =IF(H16>0,1,0) -> 1 | V16: =ROUNDDOWN(W16,0) -> 85 | W16: =AVERAGEIF(H13:H14,"SI",W13:W14) -> 85 | X16: =IF(W16<=85,"DÉBIL",IF(AND(W16>85,W16<=95),"MODERADO",IF(W16>96,"FUERTE","X"))) -> DÉBIL | Z16: =IF(AND(X16="FUERTE",Y16="FUERTE"),"FUERTE",IF(AND(X16="FUERTE",Y16="MODERADO"),"MODERADO",IF(AND(X16="FUERTE",Y16="DÉBIL"),"DÉBIL",IF(AND(X16="MODERADO",Y16="FUERTE"),"MODERADO",IF(AND(X16="MODERADO",Y16="MODERADO"),"MODERADO",IF(AND(X16="MODERADO",Y16="DÉBIL"),"DÉBIL",IF(AND(X16="DÉBIL",Y16="FUERTE"),"DÉBIL",IF(AND(X16="DÉBIL",Y16="MODERADO"),"DÉBIL",IF(AND(X16="DÉBIL",Y16="DÉBIL"),"DÉBIL","XX"))))))))) -> XX
A17: R3 | B17: ='2.Identificacion_Riesgos'!E14 -> Manipulación de la información para que los participantes reciban un beneficio economico sin cumplir con los requisitos establecidos, para beneficio porpio o de un tercero. | C17: ='2.Identificacion_Riesgos'!F14 -> 1, No se realiza la adecuada verificación de las propuestas por parte de el misional encragado de la convocatoria. | D17: C1 | E17: Verificación del cumplimiento de los requisitos para cada participante | F17: Plataforma de convocatorias. | G17: SI | H17: NO | I17: Asignado | J17: =IF(I17="Asignado",15,0) -> 15 | K17: Adecuado | L17: =IF(K17="Adecuado",15,0) -> 15 | M17: Oportuna | N17: =IF(M17="Oportuna",15,0) -> 15 | O17: Preventivo | P17: =IF(O17="Preventivo",15,0) -> 15 | Q17: Confiable | R17: =IF(Q17="Confiable",15,0) -> 15 | S17: Se investigan y resuelven oportunamente | T17: =IF(S17="Se investigan y resuelven oportunamente",15,0) -> 15 | U17: Completa | V17: =IF(U17="Completa",10,IF(U17="Incompleta ",5,IF(U17="No existente",0,0))) -> 10 | W17: =SUM(J17,L17,N17,P17,R17,T17,V17) -> 100 | X17: =IF(W17<=85,"DÉBIL",IF(AND(W17>85,W17<=95),"MODERADO",IF(W17>96,"FUERTE","X"))) -> FUERTE | Y17: MODERADO | Z17: =IF(AND(X17="FUERTE",Y17="FUERTE"),"FUERTE",IF(AND(X17="FUERTE",Y17="MODERADO"),"MODERADO",IF(AND(X17="FUERTE",Y17="DÉBIL"),"DÉBIL",IF(AND(X17="MODERADO",Y17="FUERTE"),"MODERADO",IF(AND(X17="MODERADO",Y17="MODERADO"),"MODERADO",IF(AND(X17="MODERADO",Y17="DÉBIL"),"DÉBIL",IF(AND(X17="DÉBIL",Y17="FUERTE"),"DÉBIL",IF(AND(X17="DÉBIL",Y17="MODERADO"),"DÉBIL",IF(AND(X17="DÉBIL",Y17="DÉBIL"),"DÉBIL","XX"))))))))) -> MODERADO
C18: ='2.Identificacion_Riesgos'!F15 -> 2, El proceso de evaluación por los jurados no cumple con los criterios establecidos por la convocatoria | D18: C2 | E18: Distribución del proceso de evaluaciones en los diferentes responsables de la convocatoria. | F18: Acta de reunión y listado de asistencia | G18: SI | H18: SI | I18: Asignado | J18: =IF(I18="Asignado",15,0) -> 15 | K18: Adecuado | L18: =IF(K18="Adecuado",15,0) -> 15 | M18: Oportuna | N18: =IF(M18="Oportuna",15,0) -> 15 | O18: Preventivo | P18: =IF(O18="Preventivo",15,0) -> 15 | Q18: Confiable | R18: =IF(Q18="Confiable",15,0) -> 15 | S18: Se investigan y resuelven oportunamente | T18: =IF(S18="Se investigan y resuelven oportunamente",15,0) -> 15 | U18: Completa | V18: =IF(U18="Completa",10,IF(U18="Incompleta ",5,IF(U18="No existente",0,0))) -> 10 | W18: =SUM(J18,L18,N18,P18,R18,T18,V18) -> 100 | X18: =IF(W18<=85,"DÉBIL",IF(AND(W18>85,W18<=95),"MODERADO",IF(W18>96,"FUERTE","X"))) -> FUERTE | Y18: MODERADO | Z18: =IF(AND(X18="FUERTE",Y18="FUERTE"),"FUERTE",IF(AND(X18="FUERTE",Y18="MODERADO"),"MODERADO",IF(AND(X18="FUERTE",Y18="DÉBIL"),"DÉBIL",IF(AND(X18="MODERADO",Y18="FUERTE"),"MODERADO",IF(AND(X18="MODERADO",Y18="MODERADO"),"MODERADO",IF(AND(X18="MODERADO",Y18="DÉBIL"),"DÉBIL",IF(AND(X18="DÉBIL",Y18="FUERTE"),"DÉBIL",IF(AND(X18="DÉBIL",Y18="MODERADO"),"DÉBIL",IF(AND(X18="DÉBIL",Y18="DÉBIL"),"DÉBIL","XX"))))))))) -> MODERADO
T19: IMPACTO | U19: =IF(G20>0,1,0) -> 1 | V19: =ROUNDDOWN(W19,0) -> 100 | W19: =AVERAGEIF(G17:G18,"SI",W17:W18) -> 100 | X19: =IF(W19<=85,"DÉBIL",IF(AND(W19>85,W19<=95),"MODERADO",IF(W19>96,"FUERTE","X"))) -> FUERTE
D20: =COUNTA(D17:D18) -> 2 | G20: =COUNTIF(G16:G18,"SI") -> 2 | H20: =COUNTIF(H17:H19,"SI") -> 1 | T20: PROBABILIDAD | U20: =IF(H20>0,1,0) -> 1 | V20: =ROUNDDOWN(W20,0) -> 100 | W20: =AVERAGEIF(H17:H18,"SI",W17:W18) -> 100 | X20: =IF(W20<=85,"DÉBIL",IF(AND(W20>85,W20<=95),"MODERADO",IF(W20>96,"FUERTE","X"))) -> FUERTE
A21: R4 | B21: ='2.Identificacion_Riesgos'!E16 -> 0 | C21: ='2.Identificacion_Riesgos'!F16 -> 0 | D21: C1
C22: ='2.Identificacion_Riesgos'!F17 -> 0 | D22: C2
C23: ='2.Identificacion_Riesgos'!F18 -> 0 | D23: C3
C24: ='2.Identificacion_Riesgos'!F19 -> 0
C25: ='2.Identificacion_Riesgos'!F20 -> 0
D28: =COUNTA(D21:D26) -> 3
A29: R5 | B29: ='2.Identificacion_Riesgos'!E21 -> 0 | C29: ='2.Identificacion_Riesgos'!F21 -> 0 | D29: C1
C30: ='2.Identificacion_Riesgos'!F22 -> 0 | D30: C2
C31: ='2.Identificacion_Riesgos'!F23 -> 0
C32: ='2.Identificacion_Riesgos'!F24 -> 0
C33: ='2.Identificacion_Riesgos'!F25 -> 0
D36: =COUNTA(D29:D34) -> 2
A37: R6 | B37: ='2.Identificacion_Riesgos'!E26 -> 0 | C37: ='2.Identificacion_Riesgos'!F26 -> 0
C38: ='2.Identificacion_Riesgos'!F27 -> 0
C39: ='2.Identificacion_Riesgos'!F28 -> 0
C40: ='2.Identificacion_Riesgos'!F29 -> 0
C41: ='2.Identificacion_Riesgos'!F30 -> 0
D44: =COUNTA(D37:D42) -> 0
A45: R7 | B45: ='2.Identificacion_Riesgos'!E31 -> 0 | C45: ='2.Identificacion_Riesgos'!F31 -> 0
C46: ='2.Identificacion_Riesgos'!F32 -> 0
C47: ='2.Identificacion_Riesgos'!F33 -> 0
C48: ='2.Identificacion_Riesgos'!F34 -> 0
C49: ='2.Identificacion_Riesgos'!F35 -> 0
D52: =COUNTA(D45:D50) -> 0
A53: R8 | B53: ='2.Identificacion_Riesgos'!E36 -> 0 | C53: ='2.Identificacion_Riesgos'!F36 -> 0
C54: ='2.Identificacion_Riesgos'!F37 -> 0
C55: ='2.Identificacion_Riesgos'!F38 -> 0
C56: ='2.Identificacion_Riesgos'!F39 -> 0
C57: ='2.Identificacion_Riesgos'!F40 -> 0
D60: =COUNTA(D53:D58) -> 0
A61: R9 | B61: ='2.Identificacion_Riesgos'!E41 -> 0 | C61: ='2.Identificacion_Riesgos'!F41 -> 0
C62: ='2.Identificacion_Riesgos'!F42 -> 0
C63: ='2.Identificacion_Riesgos'!F43 -> 0
C64: ='2.Identificacion_Riesgos'!F44 -> 0
C65: ='2.Identificacion_Riesgos'!F45 -> 0
D68: =COUNTA(D61:D66) -> 0
A69: R10 | B69: ='2.Identificacion_Riesgos'!E46 -> 0 | C69: ='2.Identificacion_Riesgos'!F46 -> 0
C70: ='2.Identificacion_Riesgos'!F47 -> 0
C71: ='2.Identificacion_Riesgos'!F48 -> 0
C72: ='2.Identificacion_Riesgos'!F49 -> 0
C73: ='2.Identificacion_Riesgos'!F50 -> 0
L74: =IF(K74="Adecuado",15,0) -> 0 | N74: =IF(M74="1. Diario",20,IF(M74="2. Semanal",20,IF(M74="3. Quincenal",15,IF(M74="4. Mensual",15,IF(M74="5. Bimensual",15,IF(M74="6. Trimestral",15,IF(M74="7. Semestral",15,IF(M74="8. Anual",10,IF(M74="9. Por Demanda",10,0))))))))) -> 0 | P74: =IF(O74="Preventivo",15,0) -> 0 | Q74: Confiable | R74: =IF(Q74="Confiable",15,0) -> 15 | S74: Se investigan y resuelven oportunamente | T74: =IF(S74="Se investigan y resuelven oportunamente",15,0) -> 15 | U74: Completa | V74: =IF(U74="Completa",10,IF(U74="Incompleta ",5,IF(U74="No existente",0,0))) -> 10 | W74: =SUM(J74,L74,N74,P74,R74,T74,V74) -> 40
T75: IMPACTO | U75: =IF(G76>0,1,0) -> 0 | V75: =ROUNDDOWN(W75,0) -> #DIV/0! | W75: =AVERAGEIF(G69:G74,"SI",W69:W74) -> #DIV/0!
D76: =COUNTA(D69:D74) -> 0 | G76: =COUNTIF(G69:G74,"SI") -> 0 | H76: =COUNTIF(H69:H74,"SI") -> 0 | T76: PROBABILIDAD | U76: =IF(H76>0,1,0) -> 0 | V76: =ROUNDDOWN(W76,0) -> #DIV/0! | W76: =AVERAGEIF(H69:H74,"SI",W69:W74) -> #DIV/0!

Sheet 4.Mapa_Calor
H1: MAPA DE RIESGOS | AE1: Página 5 de 6
AE5: Código: FR-01-PR-MEJ-05 Versión: 3 Fecha: 14/11/2019
B11: RIESGO INHERENTE
B12: ANTES DE CONTROLES
F14: IMPACTO
F16: INSIGNIFICANTE | K16: MENOR | P16: MODERADO | U16: MAYOR | Z16: CATASTROFICO
B17: PROBABILIDAD | F17: =IF(AND('2.Identificacion_Riesgos'!$J$10=1,'2.Identificacion_Riesgos'!$L$10=1),'2.Identificacion_Riesgos'!A10,"") | G17: =IF(AND('2.Identificacion_Riesgos'!$J$12=1,'2.Identificacion_Riesgos'!$L$12=1),'2.Identificacion_Riesgos'!$A$12,"") | H17: =IF(AND('2.Identificacion_Riesgos'!$J$14=1,'2.Identificacion_Riesgos'!$L$14=1),'2.Identificacion_Riesgos'!$A$14,"") | I17: =IF(AND('2.Identificacion_Riesgos'!$J$16=1,'2.Identificacion_Riesgos'!$L$16=1),'2.Identificacion_Riesgos'!$A$16,"") | J17: =IF(AND('2.Identificacion_Riesgos'!$J$21=1,'2.Identificacion_Riesgos'!$L$21=1),'2.Identificacion_Riesgos'!$A$21,"") | K17: =IF(AND('2.Identificacion_Riesgos'!$J$10=1,'2.Identificacion_Riesgos'!$L$10=2),'2.Identificacion_Riesgos'!$A$10,"") | L17: =IF(AND('2.Identificacion_Riesgos'!$J$12=1,'2.Identificacion_Riesgos'!$L$12=2),'2.Identificacion_Riesgos'!$A$12,"") -> R2 | M17: =IF(AND('2.Identificacion_Riesgos'!$J$14=1,'2.Identificacion_Riesgos'!$L$14=2),'2.Identificacion_Riesgos'!$A$14,"") | N17: =IF(AND('2.Identificacion_Riesgos'!$J$16=1,'2.Identificacion_Riesgos'!$L$16=2),'2.Identificacion_Riesgos'!$A$16,"") | O17: =IF(AND('2.Identificacion_Riesgos'!$J$21=1,'2.Identificacion_Riesgos'!$L$21=2),'2.Identificacion_Riesgos'!$A$21,"") | P17: =IF(AND('2.Identificacion_Riesgos'!$J$10=1,'2.Identificacion_Riesgos'!$L$10=3),'2.Identificacion_Riesgos'!$A$10,"") | Q17: =IF(AND('2.Identificacion_Riesgos'!$J$12=1,'2.Identificacion_Riesgos'!$L$12=3),'2.Identificacion_Riesgos'!$A$12,"") | R17: =IF(AND('2.Identificacion_Riesgos'!$J$14=1,'2.Identificacion_Riesgos'!$L$14=3),'2.Identificacion_Riesgos'!$A$14,"") | S17: =IF(AND('2.Identificacion_Riesgos'!$J$16=1,'2.Identificacion_Riesgos'!$L$16=3),'2.Identificacion_Riesgos'!$A$16,"") | T17: =IF(AND('2.Identificacion_Riesgos'!$J$21=1,'2.Identificacion_Riesgos'!$L$21=3),'2.Identificacion_Riesgos'!$A$21,"") | U17: =IF(AND('2.Identificacion_Riesgos'!$J$10=1,'2.Identificacion_Riesgos'!$L$10=4),'2.Identificacion_Riesgos'!$A$10,"") | V17: =IF(AND('2.Identificacion_Riesgos'!$J$12=1,'2.Identificacion_Riesgos'!$L$12=4),'2.Identificacion_Riesgos'!$A$12,"") | W17: =IF(AND('2.Identificacion_Riesgos'!$J$14=1,'2.Identificacion_Riesgos'!$L$14=4),'2.Identificacion_Riesgos'!$A$14,"") | X17: =IF(AND('2.Identificacion_Riesgos'!$J$16=1,'2.Identificacion_Riesgos'!$L$16=4),'2.Identificacion_Riesgos'!$A$16,"") | Y17: =IF(AND('2.Identificacion_Riesgos'!$J$21=1,'2.Identificacion_Riesgos'!$L$46=4),'2.Identificacion_Riesgos'!$A$21,"") | Z17: =IF(AND('2.Identificacion_Riesgos'!$J$10=1,'2.Identificacion_Riesgos'!$L$10=5),'2.Identificacion_Riesgos'!$A$10,"") | AA17: =IF(AND('2.Identificacion_Riesgos'!$J$12=1,'2.Identificacion_Riesgos'!$L$12=5),'2.Identificacion_Riesgos'!$A$12,"") | AB17: =IF(AND('2.Identificacion_Riesgos'!$J$14=1,'2.Identificacion_Riesgos'!$L$14=5),'2.Identificacion_Riesgos'!$A$14,"") | AC17: =IF(AND('2.Identificacion_Riesgos'!$J$16=1,'2.Identificacion_Riesgos'!$L$16=5),'2.Identificacion_Riesgos'!$A$16,"") | AD17: =IF(AND('2.Identificacion_Riesgos'!$J$21=1,'2.Identificacion_Riesgos'!$L$21=5),'2.Identificacion_Riesgos'!$A$21,"")
C18: RARO | F18: =IF(AND('2.Identificacion_Riesgos'!$J$26=1,'2.Identificacion_Riesgos'!$L$26=1),'2.Identificacion_Riesgos'!$A$26,"") | G18: =IF(AND('2.Identificacion_Riesgos'!$J$31=1,'2.Identificacion_Riesgos'!$L$31=1),'2.Identificacion_Riesgos'!$A$31,"") | H18: =IF(AND('2.Identificacion_Riesgos'!$J$36=1,'2.Identificacion_Riesgos'!$L$36=1),'2.Identificacion_Riesgos'!$A$36,"") | I18: =IF(AND('2.Identificacion_Riesgos'!$J$41=1,'2.Identificacion_Riesgos'!$L$41=1),'2.Identificacion_Riesgos'!$A$41,"") | J18: =IF(AND('2.Identificacion_Riesgos'!$J$46=1,'2.Identificacion_Riesgos'!$L$46=1),'2.Identificacion_Riesgos'!$A$46,"") | K18: =IF(AND('2.Identificacion_Riesgos'!$J$26=1,'2.Identificacion_Riesgos'!$L$26=2),'2.Identificacion_Riesgos'!$A$26,"") | L18: =IF(AND('2.Identificacion_Riesgos'!$J$31=1,'2.Identificacion_Riesgos'!$L$31=2),'2.Identificacion_Riesgos'!$A$31,"") | M18: =IF(AND('2.Identificacion_Riesgos'!$J$36=1,'2.Identificacion_Riesgos'!$L$36=2),'2.Identificacion_Riesgos'!$A$36,"") | N18: =IF(AND('2.Identificacion_Riesgos'!$J$41=1,'2.Identificacion_Riesgos'!$L$41=2),'2.Identificacion_Riesgos'!$A$41,"") | O18: =IF(AND('2.Identificacion_Riesgos'!$J$46=1,'2.Identificacion_Riesgos'!$L$46=2),'2.Identificacion_Riesgos'!$A$46,"") | P18: =IF(AND('2.Identificacion_Riesgos'!$J$26=1,'2.Identificacion_Riesgos'!$L$26=3),'2.Identificacion_Riesgos'!$A$26,"") | Q18: =IF(AND('2.Identificacion_Riesgos'!$J$31=1,'2.Identificacion_Riesgos'!$L$31=3),'2.Identificacion_Riesgos'!$A$31,"") | R18: =IF(AND('2.Identificacion_Riesgos'!$J$36=1,'2.Identificacion_Riesgos'!$L$36=3),'2.Identificacion_Riesgos'!$A$36,"") | S18: =IF(AND('2.Identificacion_Riesgos'!$J$41=1,'2.Identificacion_Riesgos'!$L$41=3),'2.Identificacion_Riesgos'!$A$41,"") | T18: =IF(AND('2.Identificacion_Riesgos'!$J$46=1,'2.Identificacion_Riesgos'!$L$46=3),'2.Identificacion_Riesgos'!$A$46,"") | U18: =IF(AND('2.Identificacion_Riesgos'!$J$26=1,'2.Identificacion_Riesgos'!$L$26=4),'2.Identificacion_Riesgos'!$A$26,"") | V18: =IF(AND('2.Identificacion_Riesgos'!$J$31=1,'2.Identificacion_Riesgos'!$L$31=4),'2.Identificacion_Riesgos'!$A$31,"") | W18: =IF(AND('2.Identificacion_Riesgos'!$J$36=1,'2.Identificacion_Riesgos'!$L$36=4),'2.Identificacion_Riesgos'!$A$36,"") | X18: =IF(AND('2.Identificacion_Riesgos'!$J$41=1,'2.Identificacion_Riesgos'!$L$41=4),'2.Identificacion_Riesgos'!$A$41,"") | Y18: =IF(AND('2.Identificacion_Riesgos'!$J$46=1,'2.Identificacion_Riesgos'!$L$46=4),'2.Identificacion_Riesgos'!$A$46,"") | Z18: =IF(AND('2.Identificacion_Riesgos'!$J$26=1,'2.Identificacion_Riesgos'!$L$26=5),'2.Identificacion_Riesgos'!$A$26,"") | AA18: =IF(AND('2.Identificacion_Riesgos'!$J$31=1,'2.Identificacion_Riesgos'!$L$31=5),'2.Identificacion_Riesgos'!$A$31,"") | AB18: =IF(AND('2.Identificacion_Riesgos'!$J$36=1,'2.Identificacion_Riesgos'!$L$36=5),'2.Identificacion_Riesgos'!$A$36,"") | AC18: =IF(AND('2.Identificacion_Riesgos'!$J$41=1,'2.Identificacion_Riesgos'!$L$41=5),'2.Identificacion_Riesgos'!$A$41,"") | AD18: =IF(AND('2.Identificacion_Riesgos'!$J$46=1,'2.Identificacion_Riesgos'!$L$46=5),'2.Identificacion_Riesgos'!$A$46,"")
F19: 0.04 | K19: 0.16 | P19: 0.32 | U19: 0.6 | Z19: 0.68
F20: =IF(AND('2.Identificacion_Riesgos'!$J$10=2,'2.Identificacion_Riesgos'!$L$10=1),'2.Identificacion_Riesgos'!$A$10,"") | G20: =IF(AND('2.Identificacion_Riesgos'!$J$12=2,'2.Identificacion_Riesgos'!$L$12=1),'2.Identificacion_Riesgos'!$A$12,"") | H20: =IF(AND('2.Identificacion_Riesgos'!$J$14=2,'2.Identificacion_Riesgos'!$L$14=1),'2.Identificacion_Riesgos'!$A$14,"") | I20: =IF(AND('2.Identificacion_Riesgos'!$J$16=2,'2.Identificacion_Riesgos'!$L$16=1),'2.Identificacion_Riesgos'!$A$16,"") | J20: =IF(AND('2.Identificacion_Riesgos'!$J$21=2,'2.Identificacion_Riesgos'!$L$21=1),'2.Identificacion_Riesgos'!$A$21,"") | K20: =IF(AND('2.Identificacion_Riesgos'!$J$10=2,'2.Identificacion_Riesgos'!$L$10=2),'2.Identificacion_Riesgos'!$A$10,"") | L20: =IF(AND('2.Identificacion_Riesgos'!$J$12=2,'2.Identificacion_Riesgos'!$L$12=2),'2.Identificacion_Riesgos'!$A$12,"") | M20: =IF(AND('2.Identificacion_Riesgos'!$J$14=2,'2.Identificacion_Riesgos'!$L$14=2),'2.Identificacion_Riesgos'!$A$14,"") | N20: =IF(AND('2.Identificacion_Riesgos'!$J$16=2,'2.Identificacion_Riesgos'!$L$16=2),'2.Identificacion_Riesgos'!$A$16,"") | O20: =IF(AND('2.Identificacion_Riesgos'!$J$21=2,'2.Identificacion_Riesgos'!$L$21=2),'2.Identificacion_Riesgos'!$A$21,"") | P20: =IF(AND('2.Identificacion_Riesgos'!$J$10=2,'2.Identificacion_Riesgos'!$L$10=3),'2.Identificacion_Riesgos'!$A$10,"") | Q20: =IF(AND('2.Identificacion_Riesgos'!$J$12=2,'2.Identificacion_Riesgos'!$L$12=3),'2.Identificacion_Riesgos'!$A$12,"") | R20: =IF(AND('2.Identificacion_Riesgos'!$J$14=2,'2.Identificacion_Riesgos'!$L$14=3),'2.Identificacion_Riesgos'!$A$14,"") | S20: =IF(AND('2.Identificacion_Riesgos'!$J$16=2,'2.Identificacion_Riesgos'!$L$16=3),'2.Identificacion_Riesgos'!$A$16,"") | T20: =IF(AND('2.Identificacion_Riesgos'!$J$21=2,'2.Identificacion_Riesgos'!$L$21=3),'2.Identificacion_Riesgos'!$A$21,"") | U20: =IF(AND('2.Identificacion_Riesgos'!$J$10=2,'2.Identificacion_Riesgos'!$L$10=4),'2.Identificacion_Riesgos'!$A$10,"") | V20: =IF(AND('2.Identificacion_Riesgos'!$J$12=2,'2.Identificacion_Riesgos'!$L$12=4),'2.Identificacion_Riesgos'!$A$12,"") | W20: =IF(AND('2.Identificacion_Riesgos'!$J$14=2,'2.Identificacion_Riesgos'!$L$14=4),'2.Identificacion_Riesgos'!$A$14,"") | X20: =IF(AND('2.Identificacion_Riesgos'!$J$16=2,'2.Identificacion_Riesgos'!$L$16=4),'2.Identificacion_Riesgos'!$A$16,"") | Y20: =IF(AND('2.Identificacion_Riesgos'!$J$21=2,'2.Identificacion_Riesgos'!$L$21=4),'2.Identificacion_Riesgos'!$A$21,"") | Z20: =IF(AND('2.Identificacion_Riesgos'!$J$10=2,'2.Identificacion_Riesgos'!$L$10=5),'2.Identificacion_Riesgos'!$A$10,"") | AA20: =IF(AND('2.Identificacion_Riesgos'!$J$12=2,'2.Identificacion_Riesgos'!$L$12=5),'2.Identificacion_Riesgos'!$A$12,"") | AB20: =IF(AND('2.Identificacion_Riesgos'!$J$14=2,'2.Identificacion_Riesgos'!$L$14=5),'2.Identificacion_Riesgos'!$A$14,"") | AC20: =IF(AND('2.Identificacion_Riesgos'!$J$16=2,'2.Identificacion_Riesgos'!$L$16=5),'2.Identificacion_Riesgos'!$A$16,"") | AD20: =IF(AND('2.Identificacion_Riesgos'!$J$21=2,'2.Identificacion_Riesgos'!$L$21=5),'2.Identificacion_Riesgos'!$A$21,"")
C21: IMPROBABLE | F21: =IF(AND('2.Identificacion_Riesgos'!$J$26=2,'2.Identificacion_Riesgos'!$L$26=1),'2.Identificacion_Riesgos'!$A$26,"") | G21: =IF(AND('2.Identificacion_Riesgos'!$J$31=2,'2.Identificacion_Riesgos'!$L$31=1),'2.Identificacion_Riesgos'!$A$31,"") | H21: =IF(AND('2.Identificacion_Riesgos'!$J$36=2,'2.Identificacion_Riesgos'!$L$36=1),'2.Identificacion_Riesgos'!$A$36,"") | I21: =IF(AND('2.Identificacion_Riesgos'!$J$41=2,'2.Identificacion_Riesgos'!$L$41=1),'2.Identificacion_Riesgos'!$A$41,"") | J21: =IF(AND('2.Identificacion_Riesgos'!$J$46=2,'2.Identificacion_Riesgos'!$L$46=1),'2.Identificacion_Riesgos'!$A$46,"") | K21: =IF(AND('2.Identificacion_Riesgos'!$J$26=2,'2.Identificacion_Riesgos'!$L$26=2),'2.Identificacion_Riesgos'!$A$26,"") | L21: =IF(AND('2.Identificacion_Riesgos'!$J$31=2,'2.Identificacion_Riesgos'!$L$31=2),'2.Identificacion_Riesgos'!$A$31,"") | M21: =IF(AND('2.Identificacion_Riesgos'!$J$36=2,'2.Identificacion_Riesgos'!$L$36=2),'2.Identificacion_Riesgos'!$A$36,"") | N21: =IF(AND('2.Identificacion_Riesgos'!$J$41=2,'2.Identificacion_Riesgos'!$L$41=2),'2.Identificacion_Riesgos'!$A$41,"") | O21: =IF(AND('2.Identificacion_Riesgos'!$J$46=2,'2.Identificacion_Riesgos'!$L$46=2),'2.Identificacion_Riesgos'!$A$46,"") | P21: =IF(AND('2.Identificacion_Riesgos'!$J$26=2,'2.Identificacion_Riesgos'!$L$26=3),'2.Identificacion_Riesgos'!$A$26,"") | Q21: =IF(AND('2.Identificacion_Riesgos'!$J$31=2,'2.Identificacion_Riesgos'!$L$31=3),'2.Identificacion_Riesgos'!$A$31,"") | R21: =IF(AND('2.Identificacion_Riesgos'!$J$36=2,'2.Identificacion_Riesgos'!$L$36=3),'2.Identificacion_Riesgos'!$A$36,"") | S21: =IF(AND('2.Identificacion_Riesgos'!$J$41=2,'2.Identificacion_Riesgos'!$L$41=3),'2.Identificacion_Riesgos'!$A$41,"") | T21: =IF(AND('2.Identificacion_Riesgos'!$J$46=2,'2.Identificacion_Riesgos'!$L$46=3),'2.Identificacion_Riesgos'!$A$46,"") | U21: =IF(AND('2.Identificacion_Riesgos'!$J$26=2,'2.Identificacion_Riesgos'!$L$26=4),'2.Identificacion_Riesgos'!$A$26,"") | V21: =IF(AND('2.Identificacion_Riesgos'!$J$31=2,'2.Identificacion_Riesgos'!$L$31=4),'2.Identificacion_Riesgos'!$A$31,"") | W21: =IF(AND('2.Identificacion_Riesgos'!$J$36=2,'2.Identificacion_Riesgos'!$L$36=4),'2.Identificacion_Riesgos'!$A$36,"") | X21: =IF(AND('2.Identificacion_Riesgos'!$J$41=2,'2.Identificacion_Riesgos'!$L$41=4),'2.Identificacion_Riesgos'!$A$41,"") | Y21: =IF(AND('2.Identificacion_Riesgos'!$J$46=2,'2.Identificacion_Riesgos'!$L$46=4),'2.Identificacion_Riesgos'!$A$46,"") | Z21: =IF(AND('2.Identificacion_Riesgos'!$J$26=2,'2.Identificacion_Riesgos'!$L$26=5),'2.Identificacion_Riesgos'!$A$26,"") | AA21: =IF(AND('2.Identificacion_Riesgos'!$J$31=2,'2.Identificacion_Riesgos'!$L$31=5),'2.Identificacion_Riesgos'!$A$31,"") | AB21: =IF(AND('2.Identificacion_Riesgos'!$J$36=2,'2.Identificacion_Riesgos'!$L$36=5),'2.Identificacion_Riesgos'!$A$36,"") | AC21: =IF(AND('2.Identificacion_Riesgos'!$J$41=2,'2.Identificacion_Riesgos'!$L$41=5),'2.Identificacion_Riesgos'!$A$41,"") | AD21: =IF(AND('2.Identificacion_Riesgos'!$J$46=2,'2.Identificacion_Riesgos'!$L$46=5),'2.Identificacion_Riesgos'!$A$46,"")
F22: 0.08 | K22: 0.2 | P22: 0.36 | U22: 0.64 | Z22: 0.88
F23: =IF(AND('2.Identificacion_Riesgos'!$J$10=3,'2.Identificacion_Riesgos'!$L$10=1),'2.Identificacion_Riesgos'!$A$10,"") | G23: =IF(AND('2.Identificacion_Riesgos'!$J$12=3,'2.Identificacion_Riesgos'!$L$12=1),'2.Identificacion_Riesgos'!$A$12,"") | H23: =IF(AND('2.Identificacion_Riesgos'!$J$14=3,'2.Identificacion_Riesgos'!$L$14=1),'2.Identificacion_Riesgos'!$A$14,"") | I23: =IF(AND('2.Identificacion_Riesgos'!$J$16=3,'2.Identificacion_Riesgos'!$L$16=1),'2.Identificacion_Riesgos'!$A$16,"") | J23: =IF(AND('2.Identificacion_Riesgos'!$J$21=3,'2.Identificacion_Riesgos'!$L$21=1),'2.Identificacion_Riesgos'!$A$21,"") | K23: =IF(AND('2.Identificacion_Riesgos'!$J$10=3,'2.Identificacion_Riesgos'!$L$10=2),'2.Identificacion_Riesgos'!$A$10,"") -> R1 | L23: =IF(AND('2.Identificacion_Riesgos'!$J$12=3,'2.Identificacion_Riesgos'!$L$12=2),'2.Identificacion_Riesgos'!$A$12,"") | M23: =IF(AND('2.Identificacion_Riesgos'!$J$14=3,'2.Identificacion_Riesgos'!$L$14=2),'2.Identificacion_Riesgos'!$A$14,"") | N23: =IF(AND('2.Identificacion_Riesgos'!$J$16=3,'2.Identificacion_Riesgos'!$L$16=2),'2.Identificacion_Riesgos'!$A$16,"") | O23: =IF(AND('2.Identificacion_Riesgos'!$J$21=3,'2.Identificacion_Riesgos'!$L$21=2),'2.Identificacion_Riesgos'!$A$21,"") | P23: =IF(AND('2.Identificacion_Riesgos'!$J$10=3,'2.Identificacion_Riesgos'!$L$10=3),'2.Identificacion_Riesgos'!$A$10,"") | Q23: =IF(AND('2.Identificacion_Riesgos'!$J$12=3,'2.Identificacion_Riesgos'!$L$12=3),'2.Identificacion_Riesgos'!$A$12,"") | R23: =IF(AND('2.Identificacion_Riesgos'!$J$14=3,'2.Identificacion_Riesgos'!$L$14=3),'2.Identificacion_Riesgos'!$A$14,"") -> R3 | S23: =IF(AND('2.Identificacion_Riesgos'!$J$16=3,'2.Identificacion_Riesgos'!$L$16=3),'2.Identificacion_Riesgos'!$A$16,"") | T23: =IF(AND('2.Identificacion_Riesgos'!$J$21=3,'2.Identificacion_Riesgos'!$L$21=3),'2.Identificacion_Riesgos'!$A$21,"") | U23: =IF(AND('2.Identificacion_Riesgos'!$J$10=3,'2.Identificacion_Riesgos'!$L$10=4),'2.Identificacion_Riesgos'!$A$10,"") | V23: =IF(AND('2.Identificacion_Riesgos'!$J$12=3,'2.Identificacion_Riesgos'!$L$12=4),'2.Identificacion_Riesgos'!$A$12,"") | W23: =IF(AND('2.Identificacion_Riesgos'!$J$14=3,'2.Identificacion_Riesgos'!$L$14=4),'2.Identificacion_Riesgos'!$A$14,"") | X23: =IF(AND('2.Identificacion_Riesgos'!$J$16=3,'2.Identificacion_Riesgos'!$L$16=4),'2.Identificacion_Riesgos'!$A$16,"") | Y23: =IF(AND('2.Identificacion_Riesgos'!$J$21=3,'2.Identificacion_Riesgos'!$L$21=4),'2.Identificacion_Riesgos'!$A$21,"") | Z23: =IF(AND('2.Identificacion_Riesgos'!$J$10=3,'2.Identificacion_Riesgos'!$L$10=5),'2.Identificacion_Riesgos'!$A$10,"") | AA23: =IF(AND('2.Identificacion_Riesgos'!$J$12=3,'2.Identificacion_Riesgos'!$L$12=5),'2.Identificacion_Riesgos'!$A$12,"") | AB23: =IF(AND('2.Identificacion_Riesgos'!$J$14=3,'2.Identificacion_Riesgos'!$L$14=5),'2.Identificacion_Riesgos'!$A$14,"") | AC23: =IF(AND('2.Identificacion_Riesgos'!$J$16=3,'2.Identificacion_Riesgos'!$L$16=5),'2.Identificacion_Riesgos'!$A$16,"") | AD23: =IF(AND('2.Identificacion_Riesgos'!$J$21=3,'2.Identificacion_Riesgos'!$L$21=5),'2.Identificacion_Riesgos'!$A$21,"")
C24: POSIBLE | F24: =IF(AND('2.Identificacion_Riesgos'!$J$26=3,'2.Identificacion_Riesgos'!$L$26=1),'2.Identificacion_Riesgos'!$A$26,"") | G24: =IF(AND('2.Identificacion_Riesgos'!$J$31=3,'2.Identificacion_Riesgos'!$L$31=1),'2.Identificacion_Riesgos'!$A$31,"") | H24: =IF(AND('2.Identificacion_Riesgos'!$J$36=3,'2.Identificacion_Riesgos'!$L$36=1),'2.Identificacion_Riesgos'!$A$36,"") | I24: =IF(AND('2.Identificacion_Riesgos'!$J$41=3,'2.Identificacion_Riesgos'!$L$41=1),'2.Identificacion_Riesgos'!$A$41,"") | J24: =IF(AND('2.Identificacion_Riesgos'!$J$46=3,'2.Identificacion_Riesgos'!$L$46=1),'2.Identificacion_Riesgos'!$A$46,"") | K24: =IF(AND('2.Identificacion_Riesgos'!$J$26=3,'2.Identificacion_Riesgos'!$L$26=2),'2.Identificacion_Riesgos'!$A$26,"") | L24: =IF(AND('2.Identificacion_Riesgos'!$J$31=3,'2.Identificacion_Riesgos'!$L$31=2),'2.Identificacion_Riesgos'!$A$31,"") | M24: =IF(AND('2.Identificacion_Riesgos'!$J$36=3,'2.Identificacion_Riesgos'!$L$36=2),'2.Identificacion_Riesgos'!$A$36,"") | N24: =IF(AND('2.Identificacion_Riesgos'!$J$41=3,'2.Identificacion_Riesgos'!$L$41=2),'2.Identificacion_Riesgos'!$A$41,"") | O24: =IF(AND('2.Identificacion_Riesgos'!$J$46=3,'2.Identificacion_Riesgos'!$L$46=2),'2.Identificacion_Riesgos'!$A$46,"") | P24: =IF(AND('2.Identificacion_Riesgos'!$J$26=3,'2.Identificacion_Riesgos'!$L$26=3),'2.Identificacion_Riesgos'!$A$26,"") | Q24: =IF(AND('2.Identificacion_Riesgos'!$J$31=3,'2.Identificacion_Riesgos'!$L$31=3),'2.Identificacion_Riesgos'!$A$31,"") | R24: =IF(AND('2.Identificacion_Riesgos'!$J$36=3,'2.Identificacion_Riesgos'!$L$36=3),'2.Identificacion_Riesgos'!$A$36,"") | S24: =IF(AND('2.Identificacion_Riesgos'!$J$41=3,'2.Identificacion_Riesgos'!$L$41=3),'2.Identificacion_Riesgos'!$A$41,"") | T24: =IF(AND('2.Identificacion_Riesgos'!$J$46=3,'2.Identificacion_Riesgos'!$L$46=3),'2.Identificacion_Riesgos'!$A$46,"") | U24: =IF(AND('2.Identificacion_Riesgos'!$J$26=3,'2.Identificacion_Riesgos'!$L$26=4),'2.Identificacion_Riesgos'!$A$26,"") | V24: =IF(AND('2.Identificacion_Riesgos'!$J$31=3,'2.Identificacion_Riesgos'!$L$31=4),'2.Identificacion_Riesgos'!$A$31,"") | W24: =IF(AND('2.Identificacion_Riesgos'!$J$36=3,'2.Identificacion_Riesgos'!$L$36=4),'2.Identificacion_Riesgos'!$A$36,"") | X24: =IF(AND('2.Identificacion_Riesgos'!$J$41=3,'2.Identificacion_Riesgos'!$L$41=4),'2.Identificacion_Riesgos'!$A$41,"") | Y24: =IF(AND('2.Identificacion_Riesgos'!$J$46=3,'2.Identificacion_Riesgos'!$L$46=4),'2.Identificacion_Riesgos'!$A$46,"") | Z24: =IF(AND('2.Identificacion_Riesgos'!$J$26=3,'2.Identificacion_Riesgos'!$L$26=5),'2.Identificacion_Riesgos'!$A$26,"") | AA24: =IF(AND('2.Identificacion_Riesgos'!$J$31=3,'2.Identificacion_Riesgos'!$L$31=5),'2.Identificacion_Riesgos'!$A$31,"") | AB24: =IF(AND('2.Identificacion_Riesgos'!$J$36=3,'2.Identificacion_Riesgos'!$L$36=5),'2.Identificacion_Riesgos'!$A$36,"") | AC24: =IF(AND('2.Identificacion_Riesgos'!$J$41=3,'2.Identificacion_Riesgos'!$L$41=5),'2.Identificacion_Riesgos'!$A$41,"") | AD24: =IF(AND('2.Identificacion_Riesgos'!$J$46=3,'2.Identificacion_Riesgos'!$L$46=5),'2.Identificacion_Riesgos'!$A$46,"")
F25: 0.12 | K25: 0.28 | P25: 0.52 | U25: 0.76 | Z25: 0.92
F26: =IF(AND('2.Identificacion_Riesgos'!$J$10=4,'2.Identificacion_Riesgos'!$L$10=1),'2.Identificacion_Riesgos'!$A$10,"") | G26: =IF(AND('2.Identificacion_Riesgos'!$J$12=4,'2.Identificacion_Riesgos'!$L$12=1),'2.Identificacion_Riesgos'!$A$12,"") | H26: =IF(AND('2.Identificacion_Riesgos'!$J$14=4,'2.Identificacion_Riesgos'!$L$14=1),'2.Identificacion_Riesgos'!$A$14,"") | I26: =IF(AND('2.Identificacion_Riesgos'!$J$16=4,'2.Identificacion_Riesgos'!$L$16=1),'2.Identificacion_Riesgos'!$A$16,"") | J26: =IF(AND('2.Identificacion_Riesgos'!$J$21=4,'2.Identificacion_Riesgos'!$L$21=1),'2.Identificacion_Riesgos'!$A$21,"") | K26: =IF(AND('2.Identificacion_Riesgos'!$J$10=4,'2.Identificacion_Riesgos'!$L$10=2),'2.Identificacion_Riesgos'!$A$10,"") | L26: =IF(AND('2.Identificacion_Riesgos'!$J$12=4,'2.Identificacion_Riesgos'!$L$12=2),'2.Identificacion_Riesgos'!$A$12,"") | M26: =IF(AND('2.Identificacion_Riesgos'!$J$14=4,'2.Identificacion_Riesgos'!$L$14=2),'2.Identificacion_Riesgos'!$A$14,"") | N26: =IF(AND('2.Identificacion_Riesgos'!$J$16=4,'2.Identificacion_Riesgos'!$L$16=2),'2.Identificacion_Riesgos'!$A$16,"") | O26: =IF(AND('2.Identificacion_Riesgos'!$J$21=4,'2.Identificacion_Riesgos'!$L$21=2),'2.Identificacion_Riesgos'!$A$21,"") | P26: =IF(AND('2.Identificacion_Riesgos'!$J$10=4,'2.Identificacion_Riesgos'!$L$10=3),'2.Identificacion_Riesgos'!$A$10,"") | Q26: =IF(AND('2.Identificacion_Riesgos'!$J$12=4,'2.Identificacion_Riesgos'!$L$12=3),'2.Identificacion_Riesgos'!$A$12,"") | R26: =IF(AND('2.Identificacion_Riesgos'!$J$14=4,'2.Identificacion_Riesgos'!$L$14=3),'2.Identificacion_Riesgos'!$A$14,"") | S26: =IF(AND('2.Identificacion_Riesgos'!$J$16=4,'2.Identificacion_Riesgos'!$L$16=3),'2.Identificacion_Riesgos'!$A$16,"") | T26: =IF(AND('2.Identificacion_Riesgos'!$J$21=4,'2.Identificacion_Riesgos'!$L$21=3),'2.Identificacion_Riesgos'!$A$21,"") | U26: =IF(AND('2.Identificacion_Riesgos'!$J$10=4,'2.Identificacion_Riesgos'!$L$10=4),'2.Identificacion_Riesgos'!$A$10,"") | V26: =IF(AND('2.Identificacion_Riesgos'!$J$12=4,'2.Identificacion_Riesgos'!$L$12=4),'2.Identificacion_Riesgos'!$A$12,"") | W26: =IF(AND('2.Identificacion_Riesgos'!$J$14=4,'2.Identificacion_Riesgos'!$L$14=4),'2.Identificacion_Riesgos'!$A$14,"") | X26: =IF(AND('2.Identificacion_Riesgos'!$J$16=4,'2.Identificacion_Riesgos'!$L$16=4),'2.Identificacion_Riesgos'!$A$16,"") | Y26: =IF(AND('2.Identificacion_Riesgos'!$J$21=4,'2.Identificacion_Riesgos'!$L$21=4),'2.Identificacion_Riesgos'!$A$21,"") | Z26: =IF(AND('2.Identificacion_Riesgos'!$J$10=4,'2.Identificacion_Riesgos'!$L$10=5),'2.Identificacion_Riesgos'!$A$10,"") | AA26: =IF(AND('2.Identificacion_Riesgos'!$J$12=4,'2.Identificacion_Riesgos'!$L$12=5),'2.Identificacion_Riesgos'!$A$12,"") | AB26: =IF(AND('2.Identificacion_Riesgos'!$J$14=4,'2.Identificacion_Riesgos'!$L$14=5),'2.Identificacion_Riesgos'!$A$14,"") | AC26: =IF(AND('2.Identificacion_Riesgos'!$J$16=4,'2.Identificacion_Riesgos'!$L$16=5),'2.Identificacion_Riesgos'!$A$16,"") | AD26: =IF(AND('2.Identificacion_Riesgos'!$J$21=4,'2.Identificacion_Riesgos'!$L$21=5),'2.Identificacion_Riesgos'!$A$21,"")
C27: PROBABLE | F27: =IF(AND('2.Identificacion_Riesgos'!$J$26=4,'2.Identificacion_Riesgos'!$L$26=1),'2.Identificacion_Riesgos'!$A$26,"") | G27: =IF(AND('2.Identificacion_Riesgos'!$J$31=4,'2.Identificacion_Riesgos'!$L$31=1),'2.Identificacion_Riesgos'!$A$31,"") | H27: =IF(AND('2.Identificacion_Riesgos'!$J$36=4,'2.Identificacion_Riesgos'!$L$36=1),'2.Identificacion_Riesgos'!$A$36,"") | I27: =IF(AND('2.Identificacion_Riesgos'!$J$41=4,'2.Identificacion_Riesgos'!$L$41=1),'2.Identificacion_Riesgos'!$A$41,"") | J27: =IF(AND('2.Identificacion_Riesgos'!$J$46=4,'2.Identificacion_Riesgos'!$L$46=1),'2.Identificacion_Riesgos'!$A$46,"") | K27: =IF(AND('2.Identificacion_Riesgos'!$J$26=4,'2.Identificacion_Riesgos'!$L$26=2),'2.Identificacion_Riesgos'!$A$26,"") | L27: =IF(AND('2.Identificacion_Riesgos'!$J$31=4,'2.Identificacion_Riesgos'!$L$31=2),'2.Identificacion_Riesgos'!$A$31,"") | M27: =IF(AND('2.Identificacion_Riesgos'!$J$36=4,'2.Identificacion_Riesgos'!$L$36=2),'2.Identificacion_Riesgos'!$A$36,"") | N27: =IF(AND('2.Identificacion_Riesgos'!$J$41=4,'2.Identificacion_Riesgos'!$L$41=2),'2.Identificacion_Riesgos'!$A$41,"") | O27: =IF(AND('2.Identificacion_Riesgos'!$J$46=4,'2.Identificacion_Riesgos'!$L$46=2),'2.Identificacion_Riesgos'!$A$46,"") | P27: =IF(AND('2.Identificacion_Riesgos'!$J$26=4,'2.Identificacion_Riesgos'!$L$26=3),'2.Identificacion_Riesgos'!$A$26,"") | Q27: =IF(AND('2.Identificacion_Riesgos'!$J$31=4,'2.Identificacion_Riesgos'!$L$31=3),'2.Identificacion_Riesgos'!$A$31,"") | R27: =IF(AND('2.Identificacion_Riesgos'!$J$36=4,'2.Identificacion_Riesgos'!$L$36=3),'2.Identificacion_Riesgos'!$A$36,"") | S27: =IF(AND('2.Identificacion_Riesgos'!$J$41=4,'2.Identificacion_Riesgos'!$L$41=3),'2.Identificacion_Riesgos'!$A$41,"") | T27: =IF(AND('2.Identificacion_Riesgos'!$J$46=4,'2.Identificacion_Riesgos'!$L$46=3),'2.Identificacion_Riesgos'!$A$46,"") | U27: =IF(AND('2.Identificacion_Riesgos'!$J$26=4,'2.Identificacion_Riesgos'!$L$26=4),'2.Identificacion_Riesgos'!$A$26,"") | V27: =IF(AND('2.Identificacion_Riesgos'!$J$31=4,'2.Identificacion_Riesgos'!$L$31=4),'2.Identificacion_Riesgos'!$A$31,"") | W27: =IF(AND('2.Identificacion_Riesgos'!$J$36=4,'2.Identificacion_Riesgos'!$L$36=4),'2.Identificacion_Riesgos'!$A$36,"") | X27: =IF(AND('2.Identificacion_Riesgos'!$J$41=4,'2.Identificacion_Riesgos'!$L$41=4),'2.Identificacion_Riesgos'!$A$41,"") | Y27: =IF(AND('2.Identificacion_Riesgos'!$J$46=4,'2.Identificacion_Riesgos'!$L$46=4),'2.Identificacion_Riesgos'!$A$46,"") | Z27: =IF(AND('2.Identificacion_Riesgos'!$J$26=4,'2.Identificacion_Riesgos'!$L$26=5),'2.Identificacion_Riesgos'!$A$26,"") | AA27: =IF(AND('2.Identificacion_Riesgos'!$J$31=4,'2.Identificacion_Riesgos'!$L$31=5),'2.Identificacion_Riesgos'!$A$31,"") | AB27: =IF(AND('2.Identificacion_Riesgos'!$J$36=4,'2.Identificacion_Riesgos'!$L$36=5),'2.Identificacion_Riesgos'!$A$36,"") | AC27: =IF(AND('2.Identificacion_Riesgos'!$J$41=4,'2.Identificacion_Riesgos'!$L$41=5),'2.Identificacion_Riesgos'!$A$41,"") | AD27: =IF(AND('2.Identificacion_Riesgos'!$J$46=4,'2.Identificacion_Riesgos'!$L$46=5),'2.Identificacion_Riesgos'!$A$46,"")
F28: 0.24 | K28: 0.44 | P28: 0.56 | U28: 0.8 | Z28: 0.96
F29: =IF(AND('2.Identificacion_Riesgos'!$J$10=5,'2.Identificacion_Riesgos'!$L$10=1),'2.Identificacion_Riesgos'!$A$10,"") | G29: =IF(AND('2.Identificacion_Riesgos'!$J$12=5,'2.Identificacion_Riesgos'!$L$12=1),'2.Identificacion_Riesgos'!$A$12,"") | H29: =IF(AND('2.Identificacion_Riesgos'!$J$14=5,'2.Identificacion_Riesgos'!$L$14=1),'2.Identificacion_Riesgos'!$A$14,"") | I29: =IF(AND('2.Identificacion_Riesgos'!$J$16=5,'2.Identificacion_Riesgos'!$L$16=1),'2.Identificacion_Riesgos'!$A$16,"") | J29: =IF(AND('2.Identificacion_Riesgos'!$J$21=5,'2.Identificacion_Riesgos'!$L$21=1),'2.Identificacion_Riesgos'!$A$21,"") | K29: =IF(AND('2.Identificacion_Riesgos'!$J$10=5,'2.Identificacion_Riesgos'!$L$10=2),'2.Identificacion_Riesgos'!$A$10,"") | L29: =IF(AND('2.Identificacion_Riesgos'!$J$12=5,'2.Identificacion_Riesgos'!$L$12=2),'2.Identificacion_Riesgos'!$A$12,"") | M29: =IF(AND('2.Identificacion_Riesgos'!$J$14=5,'2.Identificacion_Riesgos'!$L$14=2),'2.Identificacion_Riesgos'!$A$14,"") | N29: =IF(AND('2.Identificacion_Riesgos'!$J$16=5,'2.Identificacion_Riesgos'!$L$16=2),'2.Identificacion_Riesgos'!$A$16,"") | O29: =IF(AND('2.Identificacion_Riesgos'!$J$21=5,'2.Identificacion_Riesgos'!$L$21=2),'2.Identificacion_Riesgos'!$A$21,"") | P29: =IF(AND('2.Identificacion_Riesgos'!$J$10=5,'2.Identificacion_Riesgos'!$L$10=3),'2.Identificacion_Riesgos'!$A$10,"") | Q29: =IF(AND('2.Identificacion_Riesgos'!$J$12=5,'2.Identificacion_Riesgos'!$L$12=3),'2.Identificacion_Riesgos'!$A$12,"") | R29: =IF(AND('2.Identificacion_Riesgos'!$J$14=5,'2.Identificacion_Riesgos'!$L$14=3),'2.Identificacion_Riesgos'!$A$14,"") | S29: =IF(AND('2.Identificacion_Riesgos'!$J$16=5,'2.Identificacion_Riesgos'!$L$16=3),'2.Identificacion_Riesgos'!$A$16,"") | T29: =IF(AND('2.Identificacion_Riesgos'!$J$21=5,'2.Identificacion_Riesgos'!$L$21=3),'2.Identificacion_Riesgos'!$A$21,"") | U29: =IF(AND('2.Identificacion_Riesgos'!$J$10=5,'2.Identificacion_Riesgos'!$L$10=4),'2.Identificacion_Riesgos'!$A$10,"") | V29: =IF(AND('2.Identificacion_Riesgos'!$J$12=5,'2.Identificacion_Riesgos'!$L$12=4),'2.Identificacion_Riesgos'!$A$12,"") | W29: =IF(AND('2.Identificacion_Riesgos'!$J$14=5,'2.Identificacion_Riesgos'!$L$14=4),'2.Identificacion_Riesgos'!$A$14,"") | X29: =IF(AND('2.Identificacion_Riesgos'!$J$16=5,'2.Identificacion_Riesgos'!$L$16=4),'2.Identificacion_Riesgos'!$A$16,"") | Y29: =IF(AND('2.Identificacion_Riesgos'!$J$21=5,'2.Identificacion_Riesgos'!$L$21=4),'2.Identificacion_Riesgos'!$A$21,"") | Z29: =IF(AND('2.Identificacion_Riesgos'!$J$10=5,'2.Identificacion_Riesgos'!$L$10=5),'2.Identificacion_Riesgos'!$A$10,"") | AA29: =IF(AND('2.Identificacion_Riesgos'!$J$12=5,'2.Identificacion_Riesgos'!$L$12=5),'2.Identificacion_Riesgos'!$A$12,"") | AB29: =IF(AND('2.Identificacion_Riesgos'!$J$14=5,'2.Identificacion_Riesgos'!$L$14=5),'2.Identificacion_Riesgos'!$A$14,"") | AC29: =IF(AND('2.Identificacion_Riesgos'!$J$16=5,'2.Identificacion_Riesgos'!$L$16=5),'2.Identificacion_Riesgos'!$A$16,"") | AD29: =IF(AND('2.Identificacion_Riesgos'!$J$21=5,'2.Identificacion_Riesgos'!$L$21=5),'2.Identificacion_Riesgos'!$A$21,"")
C30: CASI SEGURO | F30: =IF(AND('2.Identificacion_Riesgos'!$J$26=5,'2.Identificacion_Riesgos'!$L$26=1),'2.Identificacion_Riesgos'!$A$26,"") | G30: =IF(AND('2.Identificacion_Riesgos'!$J$31=5,'2.Identificacion_Riesgos'!$L$31=1),'2.Identificacion_Riesgos'!$A$31,"") | H30: =IF(AND('2.Identificacion_Riesgos'!$J$36=5,'2.Identificacion_Riesgos'!$L$36=1),'2.Identificacion_Riesgos'!$A$36,"") | I30: =IF(AND('2.Identificacion_Riesgos'!$J$41=5,'2.Identificacion_Riesgos'!$L$41=1),'2.Identificacion_Riesgos'!$A$41,"") | J30: =IF(AND('2.Identificacion_Riesgos'!$J$46=5,'2.Identificacion_Riesgos'!$L$46=1),'2.Identificacion_Riesgos'!$A$46,"") | K30: =IF(AND('2.Identificacion_Riesgos'!$J$26=5,'2.Identificacion_Riesgos'!$L$26=2),'2.Identificacion_Riesgos'!$A$26,"") | L30: =IF(AND('2.Identificacion_Riesgos'!$J$31=5,'2.Identificacion_Riesgos'!$L$31=2),'2.Identificacion_Riesgos'!$A$31,"") | M30: =IF(AND('2.Identificacion_Riesgos'!$J$36=5,'2.Identificacion_Riesgos'!$L$36=2),'2.Identificacion_Riesgos'!$A$36,"") | N30: =IF(AND('2.Identificacion_Riesgos'!$J$41=5,'2.Identificacion_Riesgos'!$L$41=2),'2.Identificacion_Riesgos'!$A$41,"") | O30: =IF(AND('2.Identificacion_Riesgos'!$J$46=5,'2.Identificacion_Riesgos'!$L$46=2),'2.Identificacion_Riesgos'!$A$46,"") | P30: =IF(AND('2.Identificacion_Riesgos'!$J$26=5,'2.Identificacion_Riesgos'!$L$26=3),'2.Identificacion_Riesgos'!$A$26,"") | Q30: =IF(AND('2.Identificacion_Riesgos'!$J$31=5,'2.Identificacion_Riesgos'!$L$31=3),'2.Identificacion_Riesgos'!$A$31,"") | R30: =IF(AND('2.Identificacion_Riesgos'!$J$36=5,'2.Identificacion_Riesgos'!$L$36=3),'2.Identificacion_Riesgos'!$A$36,"") | S30: =IF(AND('2.Identificacion_Riesgos'!$J$41=5,'2.Identificacion_Riesgos'!$L$41=3),'2.Identificacion_Riesgos'!$A$41,"") | T30: =IF(AND('2.Identificacion_Riesgos'!$J$46=5,'2.Identificacion_Riesgos'!$L$46=3),'2.Identificacion_Riesgos'!$A$46,"") | U30: =IF(AND('2.Identificacion_Riesgos'!$J$26=5,'2.Identificacion_Riesgos'!$L$26=4),'2.Identificacion_Riesgos'!$A$26,"") | V30: =IF(AND('2.Identificacion_Riesgos'!$J$31=5,'2.Identificacion_Riesgos'!$L$31=4),'2.Identificacion_Riesgos'!$A$31,"") | W30: =IF(AND('2.Identificacion_Riesgos'!$J$36=5,'2.Identificacion_Riesgos'!$L$36=4),'2.Identificacion_Riesgos'!$A$36,"") | X30: =IF(AND('2.Identificacion_Riesgos'!$J$41=5,'2.Identificacion_Riesgos'!$L$41=4),'2.Identificacion_Riesgos'!$A$41,"") | Y30: =IF(AND('2.Identificacion_Riesgos'!$J$46=5,'2.Identificacion_Riesgos'!$L$46=4),'2.Identificacion_Riesgos'!$A$46,"") | Z30: =IF(AND('2.Identificacion_Riesgos'!$J$26=5,'2.Identificacion_Riesgos'!$L$26=5),'2.Identificacion_Riesgos'!$A$26,"") | AA30: =IF(AND('2.Identificacion_Riesgos'!$J$31=5,'2.Identificacion_Riesgos'!$L$31=5),'2.Identificacion_Riesgos'!$A$31,"") | AB30: =IF(AND('2.Identificacion_Riesgos'!$J$36=5,'2.Identificacion_Riesgos'!$L$36=5),'2.Identificacion_Riesgos'!$A$36,"") | AC30: =IF(AND('2.Identificacion_Riesgos'!$J$41=5,'2.Identificacion_Riesgos'!$L$41=5),'2.Identificacion_Riesgos'!$A$41,"") | AD30: =IF(AND('2.Identificacion_Riesgos'!$J$46=5,'2.Identificacion_Riesgos'!$L$46=5),'2.Identificacion_Riesgos'!$A$46,"")
F31: 0.4 | K31: 0.48 | P31: 0.72 | U31: 0.84 | Z31: 1
B38: RIESGO RESIDUAL
B39: DESPUES DE CONTROLES
F40: IMPACTO
F42: INSIGNIFICANTE | K42: MENOR | P42: MODERADO | U42: MAYOR | Z42: CATASTROFICO
B43: PROBABILIDAD | F43: =IF(AND('2.Identificacion_Riesgos'!$R$10=1,'2.Identificacion_Riesgos'!$T$10=1),'2.Identificacion_Riesgos'!$A$10,"") -> R1 | G43: =IF(AND('2.Identificacion_Riesgos'!$R$12=1,'2.Identificacion_Riesgos'!$T$12=1),'2.Identificacion_Riesgos'!$A$12,"") -> R2 | H43: =IF(AND('2.Identificacion_Riesgos'!$R$14=1,'2.Identificacion_Riesgos'!$T$14=1),'2.Identificacion_Riesgos'!$A$14,"") -> R3 | I43: =IF(AND('2.Identificacion_Riesgos'!$R$16=1,'2.Identificacion_Riesgos'!$T$16=1),'2.Identificacion_Riesgos'!$A$16,"") | J43: =IF(AND('2.Identificacion_Riesgos'!$R$21=1,'2.Identificacion_Riesgos'!$T$21=1),'2.Identificacion_Riesgos'!$A$21,"") | K43: =IF(AND('2.Identificacion_Riesgos'!$R$10=1,'2.Identificacion_Riesgos'!$T$10=2),'2.Identificacion_Riesgos'!$A$10,"") | L43: =IF(AND('2.Identificacion_Riesgos'!$R$12=1,'2.Identificacion_Riesgos'!$T$12=2),'2.Identificacion_Riesgos'!$A$12,"") | M43: =IF(AND('2.Identificacion_Riesgos'!$R$14=1,'2.Identificacion_Riesgos'!$T$14=2),'2.Identificacion_Riesgos'!$A$14,"") | N43: =IF(AND('2.Identificacion_Riesgos'!$R$16=1,'2.Identificacion_Riesgos'!$T$16=2),'2.Identificacion_Riesgos'!$A$16,"") | O43: =IF(AND('2.Identificacion_Riesgos'!$R$21=1,'2.Identificacion_Riesgos'!$T$21=2),'2.Identificacion_Riesgos'!$A$21,"") | P43: =IF(AND('2.Identificacion_Riesgos'!$R$10=1,'2.Identificacion_Riesgos'!$T$10=3),'2.Identificacion_Riesgos'!$A$10,"") | Q43: =IF(AND('2.Identificacion_Riesgos'!$R$12=1,'2.Identificacion_Riesgos'!$T$12=3),'2.Identificacion_Riesgos'!$A$12,"") | R43: =IF(AND('2.Identificacion_Riesgos'!$R$14=1,'2.Identificacion_Riesgos'!$T$14=3),'2.Identificacion_Riesgos'!$A$14,"") | S43: =IF(AND('2.Identificacion_Riesgos'!$R$16=1,'2.Identificacion_Riesgos'!$T$16=3),'2.Identificacion_Riesgos'!$A$16,"") | T43: =IF(AND('2.Identificacion_Riesgos'!$R$21=1,'2.Identificacion_Riesgos'!$T$21=3),'2.Identificacion_Riesgos'!$A$21,"") | U43: =IF(AND('2.Identificacion_Riesgos'!$R$10=1,'2.Identificacion_Riesgos'!$T$10=4),'2.Identificacion_Riesgos'!$A$10,"") | V43: =IF(AND('2.Identificacion_Riesgos'!$R$12=1,'2.Identificacion_Riesgos'!$T$12=4),'2.Identificacion_Riesgos'!$A$12,"") | W43: =IF(AND('2.Identificacion_Riesgos'!$R$14=1,'2.Identificacion_Riesgos'!$T$14=4),'2.Identificacion_Riesgos'!$A$14,"") | X43: =IF(AND('2.Identificacion_Riesgos'!$R$16=1,'2.Identificacion_Riesgos'!$T$16=4),'2.Identificacion_Riesgos'!$A$16,"") | Y43: =IF(AND('2.Identificacion_Riesgos'!$R$21=1,'2.Identificacion_Riesgos'!$T$21=4),'2.Identificacion_Riesgos'!$A$21,"") | Z43: =IF(AND('2.Identificacion_Riesgos'!$R$10=1,'2.Identificacion_Riesgos'!$T$10=5),'2.Identificacion_Riesgos'!$A$10,"") | AA43: =IF(AND('2.Identificacion_Riesgos'!$R$12=1,'2.Identificacion_Riesgos'!$T$12=5),'2.Identificacion_Riesgos'!$A$12,"") | AB43: =IF(AND('2.Identificacion_Riesgos'!$R$14=1,'2.Identificacion_Riesgos'!$T$14=5),'2.Identificacion_Riesgos'!$A$14,"") | AC43: =IF(AND('2.Identificacion_Riesgos'!$R$16=1,'2.Identificacion_Riesgos'!$T$16=5),'2.Identificacion_Riesgos'!$A$16,"") | AD43: =IF(AND('2.Identificacion_Riesgos'!$R$21=1,'2.Identificacion_Riesgos'!$T$21=5),'2.Identificacion_Riesgos'!$A$21,"")
C44: RARO | F44: =IF(AND('2.Identificacion_Riesgos'!$R$26=1,'2.Identificacion_Riesgos'!$T$26=1),'2.Identificacion_Riesgos'!$A$26,"") | G44: =IF(AND('2.Identificacion_Riesgos'!$R$31=1,'2.Identificacion_Riesgos'!$T$31=1),'2.Identificacion_Riesgos'!$A$31,"") | H44: =IF(AND('2.Identificacion_Riesgos'!$R$36=1,'2.Identificacion_Riesgos'!$T$36=1),'2.Identificacion_Riesgos'!$A$36,"") | I44: =IF(AND('2.Identificacion_Riesgos'!$R$41=1,'2.Identificacion_Riesgos'!$T$41=1),'2.Identificacion_Riesgos'!$A$41,"") | J44: =IF(AND('2.Identificacion_Riesgos'!$R$46=1,'2.Identificacion_Riesgos'!$T$46=1),'2.Identificacion_Riesgos'!$A$46,"") | K44: =IF(AND('2.Identificacion_Riesgos'!$R$26=1,'2.Identificacion_Riesgos'!$T$26=2),'2.Identificacion_Riesgos'!$A$26,"") | L44: =IF(AND('2.Identificacion_Riesgos'!$R$31=1,'2.Identificacion_Riesgos'!$T$31=2),'2.Identificacion_Riesgos'!$A$31,"") | M44: =IF(AND('2.Identificacion_Riesgos'!$R$36=1,'2.Identificacion_Riesgos'!$T$36=2),'2.Identificacion_Riesgos'!$A$36,"") | N44: =IF(AND('2.Identificacion_Riesgos'!$R$41=1,'2.Identificacion_Riesgos'!$T$41=2),'2.Identificacion_Riesgos'!$A$41,"") | O44: =IF(AND('2.Identificacion_Riesgos'!$R$46=1,'2.Identificacion_Riesgos'!$T$46=2),'2.Identificacion_Riesgos'!$A$46,"") | P44: =IF(AND('2.Identificacion_Riesgos'!$R$26=1,'2.Identificacion_Riesgos'!$T$26=3),'2.Identificacion_Riesgos'!$A$26,"") | Q44: =IF(AND('2.Identificacion_Riesgos'!$R$31=1,'2.Identificacion_Riesgos'!$T$31=3),'2.Identificacion_Riesgos'!$A$31,"") | R44: =IF(AND('2.Identificacion_Riesgos'!$R$36=1,'2.Identificacion_Riesgos'!$T$36=3),'2.Identificacion_Riesgos'!$A$36,"") | S44: =IF(AND('2.Identificacion_Riesgos'!$R$41=1,'2.Identificacion_Riesgos'!$T$41=3),'2.Identificacion_Riesgos'!$A$41,"") | T44: =IF(AND('2.Identificacion_Riesgos'!$R$46=1,'2.Identificacion_Riesgos'!$T$46=3),'2.Identificacion_Riesgos'!$A$46,"") | U44: =IF(AND('2.Identificacion_Riesgos'!$R$26=1,'2.Identificacion_Riesgos'!$T$26=4),'2.Identificacion_Riesgos'!$A$26,"") | V44: =IF(AND('2.Identificacion_Riesgos'!$R$31=1,'2.Identificacion_Riesgos'!$T$31=4),'2.Identificacion_Riesgos'!$A$31,"") | W44: =IF(AND('2.Identificacion_Riesgos'!$R$36=1,'2.Identificacion_Riesgos'!$T$36=4),'2.Identificacion_Riesgos'!$A$36,"") | X44: =IF(AND('2.Identificacion_Riesgos'!$R$41=1,'2.Identificacion_Riesgos'!$T$41=4),'2.Identificacion_Riesgos'!$A$41,"") | Y44: =IF(AND('2.Identificacion_Riesgos'!$R$46=1,'2.Identificacion_Riesgos'!$T$46=4),'2.Identificacion_Riesgos'!$A$46,"") | Z44: =IF(AND('2.Identificacion_Riesgos'!$R$26=1,'2.Identificacion_Riesgos'!$T$26=5),'2.Identificacion_Riesgos'!$A$26,"") | AA44: =IF(AND('2.Identificacion_Riesgos'!$R$31=1,'2.Identificacion_Riesgos'!$T$31=5),'2.Identificacion_Riesgos'!$A$31,"") | AB44: =IF(AND('2.Identificacion_Riesgos'!$R$36=1,'2.Identificacion_Riesgos'!$T$36=5),'2.Identificacion_Riesgos'!$A$36,"") | AC44: =IF(AND('2.Identificacion_Riesgos'!$R$41=1,'2.Identificacion_Riesgos'!$T$41=5),'2.Identificacion_Riesgos'!$A$41,"") | AD44: =IF(AND('2.Identificacion_Riesgos'!$R$46=1,'2.Identificacion_Riesgos'!$T$46=5),'2.Identificacion_Riesgos'!$A$46,"")
F45: 0.04 | K45: 0.16 | P45: 0.32 | U45: 0.6 | Z45: 0.68
F46: =IF(AND('2.Identificacion_Riesgos'!$R$10=2,'2.Identificacion_Riesgos'!$T$10=1),'2.Identificacion_Riesgos'!$A$10,"") | G46: =IF(AND('2.Identificacion_Riesgos'!$R$12=2,'2.Identificacion_Riesgos'!$T$12=1),'2.Identificacion_Riesgos'!$A$12,"") | H46: =IF(AND('2.Identificacion_Riesgos'!$R$14=2,'2.Identificacion_Riesgos'!$T$14=1),'2.Identificacion_Riesgos'!$A$14,"") | I46: =IF(AND('2.Identificacion_Riesgos'!$R$16=2,'2.Identificacion_Riesgos'!$T$16=1),'2.Identificacion_Riesgos'!$A$16,"") | J46: =IF(AND('2.Identificacion_Riesgos'!$R$21=2,'2.Identificacion_Riesgos'!$T$21=1),'2.Identificacion_Riesgos'!$A$21,"") | K46: =IF(AND('2.Identificacion_Riesgos'!$R$10=2,'2.Identificacion_Riesgos'!$T$10=2),'2.Identificacion_Riesgos'!$A$10,"") | L46: =IF(AND('2.Identificacion_Riesgos'!$R$12=2,'2.Identificacion_Riesgos'!$T$12=2),'2.Identificacion_Riesgos'!$A$12,"") | M46: =IF(AND('2.Identificacion_Riesgos'!$R$14=2,'2.Identificacion_Riesgos'!$T$14=2),'2.Identificacion_Riesgos'!$A$14,"") | N46: =IF(AND('2.Identificacion_Riesgos'!$R$16=2,'2.Identificacion_Riesgos'!$T$16=2),'2.Identificacion_Riesgos'!$A$16,"") | O46: =IF(AND('2.Identificacion_Riesgos'!$R$21=2,'2.Identificacion_Riesgos'!$T$21=2),'2.Identificacion_Riesgos'!$A$21,"") | P46: =IF(AND('2.Identificacion_Riesgos'!$R$10=2,'2.Identificacion_Riesgos'!$T$10=3),'2.Identificacion_Riesgos'!$A$10,"") | Q46: =IF(AND('2.Identificacion_Riesgos'!$R$12=2,'2.Identificacion_Riesgos'!$T$12=3),'2.Identificacion_Riesgos'!$A$12,"") | R46: =IF(AND('2.Identificacion_Riesgos'!$R$14=2,'2.Identificacion_Riesgos'!$T$14=3),'2.Identificacion_Riesgos'!$A$14,"") | S46: =IF(AND('2.Identificacion_Riesgos'!$R$16=2,'2.Identificacion_Riesgos'!$T$16=3),'2.Identificacion_Riesgos'!$A$16,"") | T46: =IF(AND('2.Identificacion_Riesgos'!$R$21=2,'2.Identificacion_Riesgos'!$T$21=3),'2.Identificacion_Riesgos'!$A$21,"") | U46: =IF(AND('2.Identificacion_Riesgos'!$R$10=2,'2.Identificacion_Riesgos'!$T$10=4),'2.Identificacion_Riesgos'!$A$10,"") | V46: =IF(AND('2.Identificacion_Riesgos'!$R$12=2,'2.Identificacion_Riesgos'!$T$12=4),'2.Identificacion_Riesgos'!$A$12,"") | W46: =IF(AND('2.Identificacion_Riesgos'!$R$14=2,'2.Identificacion_Riesgos'!$T$14=4),'2.Identificacion_Riesgos'!$A$14,"") | X46: =IF(AND('2.Identificacion_Riesgos'!$R$16=2,'2.Identificacion_Riesgos'!$T$16=4),'2.Identificacion_Riesgos'!$A$16,"") | Y46: =IF(AND('2.Identificacion_Riesgos'!$R$21=2,'2.Identificacion_Riesgos'!$T$21=4),'2.Identificacion_Riesgos'!$A$21,"") | Z46: =IF(AND('2.Identificacion_Riesgos'!$R$10=2,'2.Identificacion_Riesgos'!$T$10=5),'2.Identificacion_Riesgos'!A10,"") | AA46: =IF(AND('2.Identificacion_Riesgos'!$R$12=2,'2.Identificacion_Riesgos'!$T$12=5),'2.Identificacion_Riesgos'!$A$12,"") | AB46: =IF(AND('2.Identificacion_Riesgos'!$R$14=2,'2.Identificacion_Riesgos'!$T$14=5),'2.Identificacion_Riesgos'!$A$14,"") | AC46: =IF(AND('2.Identificacion_Riesgos'!$R$16=2,'2.Identificacion_Riesgos'!$T$16=5),'2.Identificacion_Riesgos'!$A$16,"") | AD46: =IF(AND('2.Identificacion_Riesgos'!$R$21=2,'2.Identificacion_Riesgos'!$T$21=5),'2.Identificacion_Riesgos'!$A$21,"")
C47: IMPROBABLE | F47: =IF(AND('2.Identificacion_Riesgos'!$R$26=2,'2.Identificacion_Riesgos'!$T$26=1),'2.Identificacion_Riesgos'!$A$26,"") | G47: =IF(AND('2.Identificacion_Riesgos'!$R$31=2,'2.Identificacion_Riesgos'!$T$31=1),'2.Identificacion_Riesgos'!$A$31,"") | H47: =IF(AND('2.Identificacion_Riesgos'!$R$36=2,'2.Identificacion_Riesgos'!$T$36=1),'2.Identificacion_Riesgos'!$A$36,"") | I47: =IF(AND('2.Identificacion_Riesgos'!$R$41=2,'2.Identificacion_Riesgos'!$T$41=1),'2.Identificacion_Riesgos'!$A$41,"") | J47: =IF(AND('2.Identificacion_Riesgos'!$R$46=2,'2.Identificacion_Riesgos'!$T$46=1),'2.Identificacion_Riesgos'!$A$46,"") | K47: =IF(AND('2.Identificacion_Riesgos'!$R$26=2,'2.Identificacion_Riesgos'!$T$26=2),'2.Identificacion_Riesgos'!$A$26,"") | L47: =IF(AND('2.Identificacion_Riesgos'!$R$31=2,'2.Identificacion_Riesgos'!$T$31=2),'2.Identificacion_Riesgos'!$A$31,"") | M47: =IF(AND('2.Identificacion_Riesgos'!$R$36=2,'2.Identificacion_Riesgos'!$T$36=2),'2.Identificacion_Riesgos'!$A$36,"") | N47: =IF(AND('2.Identificacion_Riesgos'!$R$41=2,'2.Identificacion_Riesgos'!$T$41=2),'2.Identificacion_Riesgos'!$A$41,"") | O47: =IF(AND('2.Identificacion_Riesgos'!$R$46=2,'2.Identificacion_Riesgos'!$T$46=2),'2.Identificacion_Riesgos'!$A$46,"") | P47: =IF(AND('2.Identificacion_Riesgos'!$R$26=2,'2.Identificacion_Riesgos'!$T$26=3),'2.Identificacion_Riesgos'!$A$26,"") | Q47: =IF(AND('2.Identificacion_Riesgos'!$R$31=2,'2.Identificacion_Riesgos'!$T$31=3),'2.Identificacion_Riesgos'!$A$31,"") | R47: =IF(AND('2.Identificacion_Riesgos'!$R$36=2,'2.Identificacion_Riesgos'!$T$36=3),'2.Identificacion_Riesgos'!$A$36,"") | S47: =IF(AND('2.Identificacion_Riesgos'!$R$41=2,'2.Identificacion_Riesgos'!$T$41=3),'2.Identificacion_Riesgos'!$A$41,"") | T47: =IF(AND('2.Identificacion_Riesgos'!$R$46=2,'2.Identificacion_Riesgos'!$T$46=3),'2.Identificacion_Riesgos'!$A$46,"") | U47: =IF(AND('2.Identificacion_Riesgos'!$R$26=2,'2.Identificacion_Riesgos'!$T$26=4),'2.Identificacion_Riesgos'!$A$26,"") | V47: =IF(AND('2.Identificacion_Riesgos'!$R$31=2,'2.Identificacion_Riesgos'!$T$31=4),'2.Identificacion_Riesgos'!$A$31,"") | W47: =IF(AND('2.Identificacion_Riesgos'!$R$36=2,'2.Identificacion_Riesgos'!$T$36=4),'2.Identificacion_Riesgos'!$A$36,"") | X47: =IF(AND('2.Identificacion_Riesgos'!$R$41=2,'2.Identificacion_Riesgos'!$T$41=4),'2.Identificacion_Riesgos'!$A$41,"") | Y47: =IF(AND('2.Identificacion_Riesgos'!$R$46=2,'2.Identificacion_Riesgos'!$T$46=4),'2.Identificacion_Riesgos'!$A$46,"") | Z47: =IF(AND('2.Identificacion_Riesgos'!$R$26=2,'2.Identificacion_Riesgos'!$T$26=5),'2.Identificacion_Riesgos'!$A$26,"") | AA47: =IF(AND('2.Identificacion_Riesgos'!$R$31=2,'2.Identificacion_Riesgos'!$T$31=5),'2.Identificacion_Riesgos'!$A$31,"") | AB47: =IF(AND('2.Identificacion_Riesgos'!$R$36=2,'2.Identificacion_Riesgos'!$T$36=5),'2.Identificacion_Riesgos'!$A$36,"") | AC47: =IF(AND('2.Identificacion_Riesgos'!$R$41=2,'2.Identificacion_Riesgos'!$T$41=5),'2.Identificacion_Riesgos'!$A$41,"") | AD47: =IF(AND('2.Identificacion_Riesgos'!$R$46=2,'2.Identificacion_Riesgos'!$T$46=5),'2.Identificacion_Riesgos'!$A$46,"")
F48: 0.08 | K48: 0.2 | P48: 0.36 | U48: 0.55 | Z48: 0.88
F49: =IF(AND('2.Identificacion_Riesgos'!$R$10=3,'2.Identificacion_Riesgos'!$T$10=1),'2.Identificacion_Riesgos'!$A$10,"") | G49: =IF(AND('2.Identificacion_Riesgos'!$R$12=3,'2.Identificacion_Riesgos'!$T$12=1),'2.Identificacion_Riesgos'!$A$12,"") | H49: =IF(AND('2.Identificacion_Riesgos'!$R$14=3,'2.Identificacion_Riesgos'!$T$14=1),'2.Identificacion_Riesgos'!$A$14,"") | I49: =IF(AND('2.Identificacion_Riesgos'!$R$16=3,'2.Identificacion_Riesgos'!$T$16=1),'2.Identificacion_Riesgos'!$A$16,"") | J49: =IF(AND('2.Identificacion_Riesgos'!$R$21=3,'2.Identificacion_Riesgos'!$T$21=1),'2.Identificacion_Riesgos'!$A$21,"") | K49: =IF(AND('2.Identificacion_Riesgos'!$R$10=3,'2.Identificacion_Riesgos'!$T$10=2),'2.Identificacion_Riesgos'!$A$10,"") | L49: =IF(AND('2.Identificacion_Riesgos'!$R$12=3,'2.Identificacion_Riesgos'!$T$12=2),'2.Identificacion_Riesgos'!$A$12,"") | M49: =IF(AND('2.Identificacion_Riesgos'!$R$14=3,'2.Identificacion_Riesgos'!$T$14=2),'2.Identificacion_Riesgos'!$A$14,"") | N49: =IF(AND('2.Identificacion_Riesgos'!$R$16=3,'2.Identificacion_Riesgos'!$T$16=2),'2.Identificacion_Riesgos'!$A$16,"") | O49: =IF(AND('2.Identificacion_Riesgos'!$R$21=3,'2.Identificacion_Riesgos'!$T$21=2),'2.Identificacion_Riesgos'!$A$21,"") | P49: =IF(AND('2.Identificacion_Riesgos'!$R$10=3,'2.Identificacion_Riesgos'!$T$10=3),'2.Identificacion_Riesgos'!$A$10,"") | Q49: =IF(AND('2.Identificacion_Riesgos'!$R$12=3,'2.Identificacion_Riesgos'!$T$12=3),'2.Identificacion_Riesgos'!$A$12,"") | R49: =IF(AND('2.Identificacion_Riesgos'!$R$14=3,'2.Identificacion_Riesgos'!$T$14=3),'2.Identificacion_Riesgos'!$A$14,"") | S49: =IF(AND('2.Identificacion_Riesgos'!$R$16=3,'2.Identificacion_Riesgos'!$T$16=3),'2.Identificacion_Riesgos'!$A$16,"") | T49: =IF(AND('2.Identificacion_Riesgos'!$R$21=3,'2.Identificacion_Riesgos'!$T$21=3),'2.Identificacion_Riesgos'!$A$21,"") | U49: =IF(AND('2.Identificacion_Riesgos'!$R$10=3,'2.Identificacion_Riesgos'!$T$10=4),'2.Identificacion_Riesgos'!$A$10,"") | V49: =IF(AND('2.Identificacion_Riesgos'!$R$12=3,'2.Identificacion_Riesgos'!$T$12=4),'2.Identificacion_Riesgos'!$A$12,"") | W49: =IF(AND('2.Identificacion_Riesgos'!$R$14=3,'2.Identificacion_Riesgos'!$T$14=4),'2.Identificacion_Riesgos'!$A$14,"") | X49: =IF(AND('2.Identificacion_Riesgos'!$R$16=3,'2.Identificacion_Riesgos'!$T$16=4),'2.Identificacion_Riesgos'!$A$16,"") | Y49: =IF(AND('2.Identificacion_Riesgos'!$R$21=3,'2.Identificacion_Riesgos'!$T$21=4),'2.Identificacion_Riesgos'!$A$21,"") | Z49: =IF(AND('2.Identificacion_Riesgos'!$R$10=3,'2.Identificacion_Riesgos'!$T$10=5),'2.Identificacion_Riesgos'!$A$10,"") | AA49: =IF(AND('2.Identificacion_Riesgos'!$R$12=3,'2.Identificacion_Riesgos'!$T$12=5),'2.Identificacion_Riesgos'!$A$12,"") | AB49: =IF(AND('2.Identificacion_Riesgos'!$R$14=3,'2.Identificacion_Riesgos'!$T$14=5),'2.Identificacion_Riesgos'!$A$14,"") | AC49: =IF(AND('2.Identificacion_Riesgos'!$R$16=3,'2.Identificacion_Riesgos'!$T$16=5),'2.Identificacion_Riesgos'!$A$16,"") | AD49: =IF(AND('2.Identificacion_Riesgos'!$R$21=3,'2.Identificacion_Riesgos'!$T$21=5),'2.Identificacion_Riesgos'!$A$21,"")
C50: POSIBLE | F50: =IF(AND('2.Identificacion_Riesgos'!$R$26=3,'2.Identificacion_Riesgos'!$T$26=1),'2.Identificacion_Riesgos'!$A$26,"") | G50: =IF(AND('2.Identificacion_Riesgos'!$R$31=3,'2.Identificacion_Riesgos'!$T$31=1),'2.Identificacion_Riesgos'!$A$31,"") | H50: =IF(AND('2.Identificacion_Riesgos'!$R$36=3,'2.Identificacion_Riesgos'!$T$36=1),'2.Identificacion_Riesgos'!$A$36,"") | I50: =IF(AND('2.Identificacion_Riesgos'!$R$41=3,'2.Identificacion_Riesgos'!$T$41=1),'2.Identificacion_Riesgos'!$A$41,"") | J50: =IF(AND('2.Identificacion_Riesgos'!$R$46=3,'2.Identificacion_Riesgos'!$T$46=1),'2.Identificacion_Riesgos'!$A$46,"") | K50: =IF(AND('2.Identificacion_Riesgos'!$R$26=3,'2.Identificacion_Riesgos'!$T$26=2),'2.Identificacion_Riesgos'!$A$26,"") | L50: =IF(AND('2.Identificacion_Riesgos'!$R$31=3,'2.Identificacion_Riesgos'!$T$31=2),'2.Identificacion_Riesgos'!$A$31,"") | M50: =IF(AND('2.Identificacion_Riesgos'!$R$36=3,'2.Identificacion_Riesgos'!$T$36=2),'2.Identificacion_Riesgos'!$A$36,"") | N50: =IF(AND('2.Identificacion_Riesgos'!$R$41=3,'2.Identificacion_Riesgos'!$T$41=2),'2.Identificacion_Riesgos'!$A$41,"") | O50: =IF(AND('2.Identificacion_Riesgos'!$R$46=3,'2.Identificacion_Riesgos'!$T$46=2),'2.Identificacion_Riesgos'!$A$46,"") | P50: =IF(AND('2.Identificacion_Riesgos'!$R$26=3,'2.Identificacion_Riesgos'!$T$26=3),'2.Identificacion_Riesgos'!$A$26,"") | Q50: =IF(AND('2.Identificacion_Riesgos'!$R$31=3,'2.Identificacion_Riesgos'!$T$31=3),'2.Identificacion_Riesgos'!$A$31,"") | R50: =IF(AND('2.Identificacion_Riesgos'!$R$36=3,'2.Identificacion_Riesgos'!$T$36=3),'2.Identificacion_Riesgos'!$A$36,"") | S50: =IF(AND('2.Identificacion_Riesgos'!$R$41=3,'2.Identificacion_Riesgos'!$T$41=3),'2.Identificacion_Riesgos'!$A$41,"") | T50: =IF(AND('2.Identificacion_Riesgos'!$R$46=3,'2.Identificacion_Riesgos'!$T$46=3),'2.Identificacion_Riesgos'!$A$46,"") | U50: =IF(AND('2.Identificacion_Riesgos'!$R$26=3,'2.Identificacion_Riesgos'!$T$26=4),'2.Identificacion_Riesgos'!$A$26,"") | V50: =IF(AND('2.Identificacion_Riesgos'!$R$31=3,'2.Identificacion_Riesgos'!$T$31=4),'2.Identificacion_Riesgos'!$A$31,"") | W50: =IF(AND('2.Identificacion_Riesgos'!$R$36=3,'2.Identificacion_Riesgos'!$T$36=4),'2.Identificacion_Riesgos'!$A$36,"") | X50: =IF(AND('2.Identificacion_Riesgos'!$R$41=3,'2.Identificacion_Riesgos'!$T$41=4),'2.Identificacion_Riesgos'!$A$41,"") | Y50: =IF(AND('2.Identificacion_Riesgos'!$R$46=3,'2.Identificacion_Riesgos'!$T$46=4),'2.Identificacion_Riesgos'!$A$46,"") | Z50: =IF(AND('2.Identificacion_Riesgos'!$R$26=3,'2.Identificacion_Riesgos'!$T$26=5),'2.Identificacion_Riesgos'!$A$26,"") | AA50: =IF(AND('2.Identificacion_Riesgos'!$R$31=3,'2.Identificacion_Riesgos'!$T$31=5),'2.Identificacion_Riesgos'!$A$31,"") | AB50: =IF(AND('2.Identificacion_Riesgos'!$R$36=3,'2.Identificacion_Riesgos'!$T$36=5),'2.Identificacion_Riesgos'!$A$36,"") | AC50: =IF(AND('2.Identificacion_Riesgos'!$R$41=3,'2.Identificacion_Riesgos'!$T$41=5),'2.Identificacion_Riesgos'!$A$41,"") | AD50: =IF(AND('2.Identificacion_Riesgos'!$R$46=3,'2.Identificacion_Riesgos'!$T$46=5),'2.Identificacion_Riesgos'!$A$46,"")
F51: 0.12 | K51: 0.28 | P51: 0.52 | U51: 0.76 | Z51: 0.92
F52: =IF(AND('2.Identificacion_Riesgos'!$R$10=4,'2.Identificacion_Riesgos'!$T$10=1),'2.Identificacion_Riesgos'!$A$10,"") | G52: =IF(AND('2.Identificacion_Riesgos'!$R$12=4,'2.Identificacion_Riesgos'!$T$12=1),'2.Identificacion_Riesgos'!$A$12,"") | H52: =IF(AND('2.Identificacion_Riesgos'!$R$14=4,'2.Identificacion_Riesgos'!$T$14=1),'2.Identificacion_Riesgos'!$A$14,"") | I52: =IF(AND('2.Identificacion_Riesgos'!$R$16=4,'2.Identificacion_Riesgos'!$T$16=1),'2.Identificacion_Riesgos'!$A$16,"") | J52: =IF(AND('2.Identificacion_Riesgos'!$R$21=4,'2.Identificacion_Riesgos'!$T$21=1),'2.Identificacion_Riesgos'!$A$21,"") | K52: =IF(AND('2.Identificacion_Riesgos'!$R$10=4,'2.Identificacion_Riesgos'!$T$10=2),'2.Identificacion_Riesgos'!$A$10,"") | L52: =IF(AND('2.Identificacion_Riesgos'!$R$12=4,'2.Identificacion_Riesgos'!$T$12=2),'2.Identificacion_Riesgos'!$A$12,"") | M52: =IF(AND('2.Identificacion_Riesgos'!$R$14=4,'2.Identificacion_Riesgos'!$T$14=2),'2.Identificacion_Riesgos'!$A$14,"") | N52: =IF(AND('2.Identificacion_Riesgos'!$R$16=4,'2.Identificacion_Riesgos'!$T$16=2),'2.Identificacion_Riesgos'!$A$16,"") | O52: =IF(AND('2.Identificacion_Riesgos'!$R$21=4,'2.Identificacion_Riesgos'!$T$21=2),'2.Identificacion_Riesgos'!$A$21,"") | P52: =IF(AND('2.Identificacion_Riesgos'!$R$10=4,'2.Identificacion_Riesgos'!$T$10=3),'2.Identificacion_Riesgos'!$A$10,"") | Q52: =IF(AND('2.Identificacion_Riesgos'!$R$12=4,'2.Identificacion_Riesgos'!$T$12=3),'2.Identificacion_Riesgos'!$A$12,"") | R52: =IF(AND('2.Identificacion_Riesgos'!$R$14=4,'2.Identificacion_Riesgos'!$T$14=3),'2.Identificacion_Riesgos'!$A$14,"") | S52: =IF(AND('2.Identificacion_Riesgos'!$R$16=4,'2.Identificacion_Riesgos'!$T$16=3),'2.Identificacion_Riesgos'!$A$16,"") | T52: =IF(AND('2.Identificacion_Riesgos'!$R$21=4,'2.Identificacion_Riesgos'!$T$21=3),'2.Identificacion_Riesgos'!$A$21,"") | U52: =IF(AND('2.Identificacion_Riesgos'!$R$10=4,'2.Identificacion_Riesgos'!$T$10=4),'2.Identificacion_Riesgos'!$A$10,"") | V52: =IF(AND('2.Identificacion_Riesgos'!$R$12=4,'2.Identificacion_Riesgos'!$T$12=4),'2.Identificacion_Riesgos'!$A$12,"") | W52: =IF(AND('2.Identificacion_Riesgos'!$R$14=4,'2.Identificacion_Riesgos'!$T$14=4),'2.Identificacion_Riesgos'!$A$14,"") | X52: =IF(AND('2.Identificacion_Riesgos'!$R$16=4,'2.Identificacion_Riesgos'!$T$16=4),'2.Identificacion_Riesgos'!$A$16,"") | Y52: =IF(AND('2.Identificacion_Riesgos'!$R$21=4,'2.Identificacion_Riesgos'!$T$21=4),'2.Identificacion_Riesgos'!$A$21,"") | Z52: =IF(AND('2.Identificacion_Riesgos'!$R$10=4,'2.Identificacion_Riesgos'!$T$10=5),'2.Identificacion_Riesgos'!$A$10,"") | AA52: =IF(AND('2.Identificacion_Riesgos'!$R$12=4,'2.Identificacion_Riesgos'!$T$12=5),'2.Identificacion_Riesgos'!$A$12,"") | AB52: =IF(AND('2.Identificacion_Riesgos'!$R$14=4,'2.Identificacion_Riesgos'!$T$14=5),'2.Identificacion_Riesgos'!$A$14,"") | AC52: =IF(AND('2.Identificacion_Riesgos'!$R$16=4,'2.Identificacion_Riesgos'!$T$16=5),'2.Identificacion_Riesgos'!$A$16,"") | AD52: =IF(AND('2.Identificacion_Riesgos'!$R$21=4,'2.Identificacion_Riesgos'!$T$21=5),'2.Identificacion_Riesgos'!$A$21,"")
C53: PROBABLE | F53: =IF(AND('2.Identificacion_Riesgos'!$R$26=4,'2.Identificacion_Riesgos'!$T$26=1),'2.Identificacion_Riesgos'!$A$26,"") | G53: =IF(AND('2.Identificacion_Riesgos'!$R$31=4,'2.Identificacion_Riesgos'!$T$31=1),'2.Identificacion_Riesgos'!$A$31,"") | H53: =IF(AND('2.Identificacion_Riesgos'!$R$36=4,'2.Identificacion_Riesgos'!$T$36=1),'2.Identificacion_Riesgos'!$A$36,"") | I53: =IF(AND('2.Identificacion_Riesgos'!$R$41=4,'2.Identificacion_Riesgos'!$T$41=1),'2.Identificacion_Riesgos'!$A$41,"") | J53: =IF(AND('2.Identificacion_Riesgos'!$R$46=4,'2.Identificacion_Riesgos'!$T$46=1),'2.Identificacion_Riesgos'!$A$46,"") | K53: =IF(AND('2.Identificacion_Riesgos'!$R$26=4,'2.Identificacion_Riesgos'!$T$26=2),'2.Identificacion_Riesgos'!$A$26,"") | L53: =IF(AND('2.Identificacion_Riesgos'!$R$31=4,'2.Identificacion_Riesgos'!$T$31=2),'2.Identificacion_Riesgos'!$A$31,"") | M53: =IF(AND('2.Identificacion_Riesgos'!$R$36=4,'2.Identificacion_Riesgos'!$T$36=2),'2.Identificacion_Riesgos'!$A$36,"") | N53: =IF(AND('2.Identificacion_Riesgos'!$R$41=4,'2.Identificacion_Riesgos'!$T$41=2),'2.Identificacion_Riesgos'!$A$41,"") | O53: =IF(AND('2.Identificacion_Riesgos'!$R$46=4,'2.Identificacion_Riesgos'!$T$46=2),'2.Identificacion_Riesgos'!$A$46,"") | P53: =IF(AND('2.Identificacion_Riesgos'!$R$26=4,'2.Identificacion_Riesgos'!$T$26=3),'2.Identificacion_Riesgos'!$A$26,"") | Q53: =IF(AND('2.Identificacion_Riesgos'!$R$31=4,'2.Identificacion_Riesgos'!$T$31=3),'2.Identificacion_Riesgos'!$A$31,"") | R53: =IF(AND('2.Identificacion_Riesgos'!$R$36=4,'2.Identificacion_Riesgos'!$T$36=3),'2.Identificacion_Riesgos'!$A$36,"") | S53: =IF(AND('2.Identificacion_Riesgos'!$R$41=4,'2.Identificacion_Riesgos'!$T$41=3),'2.Identificacion_Riesgos'!$A$41,"") | T53: =IF(AND('2.Identificacion_Riesgos'!$R$46=4,'2.Identificacion_Riesgos'!$T$46=3),'2.Identificacion_Riesgos'!$A$46,"") | U53: =IF(AND('2.Identificacion_Riesgos'!$R$26=4,'2.Identificacion_Riesgos'!$T$26=4),'2.Identificacion_Riesgos'!$A$26,"") | V53: =IF(AND('2.Identificacion_Riesgos'!$R$31=4,'2.Identificacion_Riesgos'!$T$31=4),'2.Identificacion_Riesgos'!$A$31,"") | W53: =IF(AND('2.Identificacion_Riesgos'!$R$36=4,'2.Identificacion_Riesgos'!$T$36=4),'2.Identificacion_Riesgos'!$A$36,"") | X53: =IF(AND('2.Identificacion_Riesgos'!$R$41=4,'2.Identificacion_Riesgos'!$T$41=4),'2.Identificacion_Riesgos'!$A$41,"") | Y53: =IF(AND('2.Identificacion_Riesgos'!$R$46=4,'2.Identificacion_Riesgos'!$T$46=4),'2.Identificacion_Riesgos'!$A$46,"") | Z53: =IF(AND('2.Identificacion_Riesgos'!$R$26=4,'2.Identificacion_Riesgos'!$T$26=5),'2.Identificacion_Riesgos'!$A$26,"") | AA53: =IF(AND('2.Identificacion_Riesgos'!$R$31=4,'2.Identificacion_Riesgos'!$T$31=5),'2.Identificacion_Riesgos'!$A$31,"") | AB53: =IF(AND('2.Identificacion_Riesgos'!$R$36=4,'2.Identificacion_Riesgos'!$T$36=5),'2.Identificacion_Riesgos'!$A$36,"") | AC53: =IF(AND('2.Identificacion_Riesgos'!$R$41=4,'2.Identificacion_Riesgos'!$T$41=5),'2.Identificacion_Riesgos'!$A$41,"") | AD53: =IF(AND('2.Identificacion_Riesgos'!$R$46=4,'2.Identificacion_Riesgos'!$T$46=5),'2.Identificacion_Riesgos'!$A$46,"")
F54: 0.24 | K54: 0.44 | P54: 0.56 | U54: 0.8 | Z54: 0.96
F55: =IF(AND('2.Identificacion_Riesgos'!$R$10=5,'2.Identificacion_Riesgos'!$T$10=1),'2.Identificacion_Riesgos'!$A$10,"") | G55: =IF(AND('2.Identificacion_Riesgos'!$R$12=5,'2.Identificacion_Riesgos'!$T$12=1),'2.Identificacion_Riesgos'!$A$12,"") | H55: =IF(AND('2.Identificacion_Riesgos'!$R$14=5,'2.Identificacion_Riesgos'!$T$14=1),'2.Identificacion_Riesgos'!$A$14,"") | I55: =IF(AND('2.Identificacion_Riesgos'!$R$16=5,'2.Identificacion_Riesgos'!$T$16=1),'2.Identificacion_Riesgos'!$A$16,"") | J55: =IF(AND('2.Identificacion_Riesgos'!$R$21=5,'2.Identificacion_Riesgos'!$T$21=1),'2.Identificacion_Riesgos'!$A$21,"") | K55: =IF(AND('2.Identificacion_Riesgos'!$R$10=5,'2.Identificacion_Riesgos'!$T$10=2),'2.Identificacion_Riesgos'!$A$10,"") | L55: =IF(AND('2.Identificacion_Riesgos'!$R$12=5,'2.Identificacion_Riesgos'!$T$12=2),'2.Identificacion_Riesgos'!$A$12,"") | M55: =IF(AND('2.Identificacion_Riesgos'!$R$14=5,'2.Identificacion_Riesgos'!$T$14=2),'2.Identificacion_Riesgos'!$A$14,"") | N55: =IF(AND('2.Identificacion_Riesgos'!$R$16=5,'2.Identificacion_Riesgos'!$T$16=2),'2.Identificacion_Riesgos'!$A$16,"") | O55: =IF(AND('2.Identificacion_Riesgos'!$R$21=5,'2.Identificacion_Riesgos'!$T$21=2),'2.Identificacion_Riesgos'!$A$21,"") | P55: =IF(AND('2.Identificacion_Riesgos'!$R$10=5,'2.Identificacion_Riesgos'!$T$10=3),'2.Identificacion_Riesgos'!$A$10,"") | Q55: =IF(AND('2.Identificacion_Riesgos'!$R$12=5,'2.Identificacion_Riesgos'!$T$12=3),'2.Identificacion_Riesgos'!$A$12,"") | R55: =IF(AND('2.Identificacion_Riesgos'!$R$14=5,'2.Identificacion_Riesgos'!$T$14=3),'2.Identificacion_Riesgos'!$A$14,"") | S55: =IF(AND('2.Identificacion_Riesgos'!$R$16=5,'2.Identificacion_Riesgos'!$T$16=3),'2.Identificacion_Riesgos'!$A$16,"") | T55: =IF(AND('2.Identificacion_Riesgos'!$R$21=5,'2.Identificacion_Riesgos'!$T$21=3),'2.Identificacion_Riesgos'!$A$21,"") | U55: =IF(AND('2.Identificacion_Riesgos'!$R$10=5,'2.Identificacion_Riesgos'!$T$10=4),'2.Identificacion_Riesgos'!$A$10,"") | V55: =IF(AND('2.Identificacion_Riesgos'!$R$12=5,'2.Identificacion_Riesgos'!$T$12=4),'2.Identificacion_Riesgos'!$A$12,"") | W55: =IF(AND('2.Identificacion_Riesgos'!$R$14=5,'2.Identificacion_Riesgos'!$T$14=4),'2.Identificacion_Riesgos'!$A$14,"") | X55: =IF(AND('2.Identificacion_Riesgos'!$R$16=5,'2.Identificacion_Riesgos'!$T$16=4),'2.Identificacion_Riesgos'!$A$16,"") | Y55: =IF(AND('2.Identificacion_Riesgos'!$R$21=5,'2.Identificacion_Riesgos'!$T$21=4),'2.Identificacion_Riesgos'!$A$21,"") | Z55: =IF(AND('2.Identificacion_Riesgos'!$R$10=5,'2.Identificacion_Riesgos'!$T$10=5),'2.Identificacion_Riesgos'!$A$10,"") | AA55: =IF(AND('2.Identificacion_Riesgos'!$R$12=5,'2.Identificacion_Riesgos'!$T$12=5),'2.Identificacion_Riesgos'!$A$12,"") | AB55: =IF(AND('2.Identificacion_Riesgos'!$R$14=5,'2.Identificacion_Riesgos'!$T$14=5),'2.Identificacion_Riesgos'!$A$14,"") | AC55: =IF(AND('2.Identificacion_Riesgos'!$R$16=5,'2.Identificacion_Riesgos'!$T$16=5),'2.Identificacion_Riesgos'!$A$16,"") | AD55: =IF(AND('2.Identificacion_Riesgos'!$R$21=5,'2.Identificacion_Riesgos'!$T$21=5),'2.Identificacion_Riesgos'!$A$21,"")
C56: CASI SEGURO | F56: =IF(AND('2.Identificacion_Riesgos'!$R$26=5,'2.Identificacion_Riesgos'!$T$26=1),'2.Identificacion_Riesgos'!$A$26,"") | G56: =IF(AND('2.Identificacion_Riesgos'!$R$31=5,'2.Identificacion_Riesgos'!$T$31=1),'2.Identificacion_Riesgos'!$A$31,"") | H56: =IF(AND('2.Identificacion_Riesgos'!$R$36=5,'2.Identificacion_Riesgos'!$T$36=1),'2.Identificacion_Riesgos'!$A$36,"") | I56: =IF(AND('2.Identificacion_Riesgos'!$R$41=5,'2.Identificacion_Riesgos'!$T$41=1),'2.Identificacion_Riesgos'!$A$41,"") | J56: =IF(AND('2.Identificacion_Riesgos'!$R$46=5,'2.Identificacion_Riesgos'!$T$46=1),'2.Identificacion_Riesgos'!$A$46,"") | K56: =IF(AND('2.Identificacion_Riesgos'!$R$26=5,'2.Identificacion_Riesgos'!$T$26=2),'2.Identificacion_Riesgos'!$A$26,"") | L56: =IF(AND('2.Identificacion_Riesgos'!$R$31=5,'2.Identificacion_Riesgos'!$T$31=2),'2.Identificacion_Riesgos'!$A$31,"") | M56: =IF(AND('2.Identificacion_Riesgos'!$R$36=5,'2.Identificacion_Riesgos'!$T$36=2),'2.Identificacion_Riesgos'!$A$36,"") | N56: =IF(AND('2.Identificacion_Riesgos'!$R$41=5,'2.Identificacion_Riesgos'!$T$41=2),'2.Identificacion_Riesgos'!$A$41,"") | O56: =IF(AND('2.Identificacion_Riesgos'!$R$46=5,'2.Identificacion_Riesgos'!$T$46=2),'2.Identificacion_Riesgos'!$A$46,"") | P56: =IF(AND('2.Identificacion_Riesgos'!$R$26=5,'2.Identificacion_Riesgos'!$T$26=3),'2.Identificacion_Riesgos'!$A$26,"") | Q56: =IF(AND('2.Identificacion_Riesgos'!$R$31=5,'2.Identificacion_Riesgos'!$T$31=3),'2.Identificacion_Riesgos'!$A$31,"") | R56: =IF(AND('2.Identificacion_Riesgos'!$R$36=5,'2.Identificacion_Riesgos'!$T$36=3),'2.Identificacion_Riesgos'!$A$36,"") | S56: =IF(AND('2.Identificacion_Riesgos'!$R$41=5,'2.Identificacion_Riesgos'!$T$41=3),'2.Identificacion_Riesgos'!$A$41,"") | T56: =IF(AND('2.Identificacion_Riesgos'!$R$46=5,'2.Identificacion_Riesgos'!$T$46=3),'2.Identificacion_Riesgos'!$A$46,"") | U56: =IF(AND('2.Identificacion_Riesgos'!$R$26=5,'2.Identificacion_Riesgos'!$T$26=4),'2.Identificacion_Riesgos'!$A$26,"") | V56: =IF(AND('2.Identificacion_Riesgos'!$R$31=5,'2.Identificacion_Riesgos'!$T$31=4),'2.Identificacion_Riesgos'!$A$31,"") | W56: =IF(AND('2.Identificacion_Riesgos'!$R$36=5,'2.Identificacion_Riesgos'!$T$36=4),'2.Identificacion_Riesgos'!$A$36,"") | X56: =IF(AND('2.Identificacion_Riesgos'!$R$41=5,'2.Identificacion_Riesgos'!$T$41=4),'2.Identificacion_Riesgos'!$A$41,"") | Y56: =IF(AND('2.Identificacion_Riesgos'!$R$46=5,'2.Identificacion_Riesgos'!$T$46=4),'2.Identificacion_Riesgos'!$A$46,"") | Z56: =IF(AND('2.Identificacion_Riesgos'!$R$26=5,'2.Identificacion_Riesgos'!$T$26=5),'2.Identificacion_Riesgos'!$A$26,"") | AA56: =IF(AND('2.Identificacion_Riesgos'!$R$31=5,'2.Identificacion_Riesgos'!$T$31=5),'2.Identificacion_Riesgos'!$A$31,"") | AB56: =IF(AND('2.Identificacion_Riesgos'!$R$36=5,'2.Identificacion_Riesgos'!$T$36=5),'2.Identificacion_Riesgos'!$A$36,"") | AC56: =IF(AND('2.Identificacion_Riesgos'!$R$41=5,'2.Identificacion_Riesgos'!$T$41=5),'2.Identificacion_Riesgos'!$A$41,"") | AD56: =IF(AND('2.Identificacion_Riesgos'!$R$46=5,'2.Identificacion_Riesgos'!$T$46=5),'2.Identificacion_Riesgos'!$A$46,"")
F57: 0.4 | K57: 0.48 | P57: 0.72 | U57: 0.84 | Z57: 1

Sheet 5.Plan Manejo
D1: MAPA DE RIESGOS | O1: Página 4 de 6
O5: Código: FR-01-PR-MEJ-05 Versión: 3 Fecha: 14/11/2019
A10: PLAN DE MANEJO | M10: MONITOREO Y SEGUIMIENTOS (Herramienta Drive)
A11: ID_RIESGO | B11: RIESGO | C11: CAUSAS | D11: CONTROL | E11: ZONA RIESGO RESIDUAL | F11: ACCION | G11: TAREAS | H11: % | I11: EJECUCION TAREAS | K11: MEDIO DE VERIFICACION | L11: RESPONSABLE SEGUIMIENTO | M11: MATERIALIZACIÓN RIESGO | P11: PLAN MANEJO
I12: FECHA INICIO | J12: FECHA FINALIZACION | M12: SE PRESENTO EL EVENTO | N12: AVISO ALERTA | O12: DESCRIPCION EVENTO | P12: % AVANCE | Q12: DESCRIPCION DEL AVANCE
A13: R1 | B13: ='2.Identificacion_Riesgos'!E10 -> Las propuestas inscritas en cada una de las convocatorias no sean suficientes para entregrar y ejecutar la totalidad de los recursos asignados. | C13: ='2.Identificacion_Riesgos'!F10 -> 1. Los canales de difusión utilizados no integran la totalidad de la poblción objetivo. | D13: ='3.Controles'!E9 -> Se diseña un plan de comunicación y difusión de las convocatorias junto con la oficina asesora de comunicaciones. | E13: ='2.Identificacion_Riesgos'!U10 -> BAJO 4% | F13: De acuerdo con el PR-FOM-04 Programa distrital de estímulos, se asignan las responsabilidades de cada étapa. | G13: Difusión canales de comunicación de la SCRD | H13: 0.7 | I13: 44228 | J13: 44530 | K13: Micrositio convocatorias | L13: Dirección de Fomento (Profesionales encargados de la convocatoria) | M13: NO | N13: NO | O13: No aplica | P13: 0.35 | Q13: Se realiza plan de difusión para la socialización de las convocatorias 2021, en el micrositio y los enlaces relacionados en el Anexo 1.
G14: Jornadas de socialización | H14: 0.3 | I14: 44228 | J14: 44520 | K14: Orfeo-Listado de asistentes | P14: 0.15 | Q14: Presentación de socialización y enlaces de difusión realizadas.
C17: ='2.Identificacion_Riesgos'!F11 -> 2, La formulación de las convocatorias no contempló un análisis profundo de la población objetivo de la convocatoria. | D17: ='3.Controles'!E10 -> Se verifica que la información correspondiente a la formulación de la convocatoria este acorde con las condiciones establecidas. | G17: Revisión y aprobación de la convocatoria | H17: 1 | I17: 44228 | J17: 44500 | K17: Orfeo-Guia Formulación de convocatorias | P17: 0.5 | Q17: Se aneza guía de formulación de convocatorías disponible en orfeo.
A21: R2 | B21: ='2.Identificacion_Riesgos'!E12 -> Incumplimiento en la ejecución de las actividades planteadas en los proyectos ganadores de las convocatorias. | C21: ='2.Identificacion_Riesgos'!F12 -> 1,No se presta el acompañamiento adecuado por parte de las SCRD para el cumpliento de las actividades. | D21: ='3.Controles'!E13 -> Se verifica el cumplimiento de las actividades a través del acompañamiento de cada uno de los responsables encargados. | E21: ='2.Identificacion_Riesgos'!U12 -> BAJO 4% | F21: De acuerdo con el PR-FOM-04 Programa distrital de estímulos, se asignan las responsabilidades de cada étapa. | G21: Acta seguimiento | H21: 0.3 | I21: 44256 | J21: 44530 | K21: radicado Orfeo | L21: Dirección de Fomento (Profesionales encargados de la convocatoria) | M21: NO | N21: NO | O21: No aplica | P21: 0 | Q21: Aún no han sido elegidos beneficiarios, por lo cual no ha iniciado el proceso de seguimiento.
G22: Informe Final de Ejecución | H22: 0.7 | I22: 44256 | J22: 44530 | K22: radicado Orfeo | P22: 0 | Q22: Aún no han sido elegidos beneficiarios, por lo cual no hay informes de ejecución
C25: ='2.Identificacion_Riesgos'!F13 -> 2, El proceso de evaluación no identifica las falencias en la formulación de los proyectos. | D25: ='3.Controles'!E14 -> Se realiza proceso de evaluación a cada una de las propuestas participantes. | G25: Acta de evaluación de las propuestas por parte de los jurados. | H25: 1 | I25: 44256 | J25: 44530 | K25: radicado Orfeo | P25: 0 | Q25: Aún no han sido elegidos beneficiarios, por lo cual no se han realizado evaluaciones.
A26: R3 | B26: ='2.Identificacion_Riesgos'!E14 -> Manipulación de la información para que los participantes reciban un beneficio economico sin cumplir con los requisitos establecidos, para beneficio porpio o de un tercero. | C26: ='2.Identificacion_Riesgos'!F14 -> 1, No se realiza la adecuada verificación de las propuestas por parte de el misional encragado de la convocatoria. | D26: ='3.Controles'!E17 -> Verificación del cumplimiento de los requisitos para cada participante | E26: ='2.Identificacion_Riesgos'!U14 -> BAJO 4% | F26: Documentar en el respectivo expediente de la convocatoria los análisis y evaluaciones realizadas. | G26: Imprimir y subir la información al Orfeo de los soportes de cada una de las etapas de la convocatoria. | H26: 0.5 | I26: 44256 | J26: 44530 | K26: radicado Orfeo | L26: Dirección de Fomento (Profesionales encargados de la convocatoria) | M26: NO | N26: NO | O26: No aplica | P26: 0 | Q26: No han sido seleccionados beneficiarios aún para iniciar su proceso de evaluación y revisión.
G27: Publicar la información en el micrositio de la convocatoria. | H27: 0.5 | I27: 44256 | J27: 44530 | K27: Micrositio convocatorias | Q27: No han sido seleccionados beneficiarios aún para iniciar su proceso de evaluación y revisión.
C28: ='2.Identificacion_Riesgos'!F15 -> 2, El proceso de evaluación por los jurados no cumple con los criterios establecidos por la convocatoria | D28: ='3.Controles'!E18 -> Distribución del proceso de evaluaciones en los diferentes responsables de la convocatoria. | F28: De acuerdo con el PR-FOM-04 Programa distrital de estímulos, se asignan las responsabilidades de cada étapa de evaluación. | G28: Verificación de documentos administrativos y técnicos | H28: 0.3 | I28: 43891 | J28: 44530 | K28: radicado Orfeo | P28: 0 | Q28: No han sido seleccionados beneficiarios aún para iniciar su proceso de evaluación y revisión.
G29: Acto administrativo de aceptación o rechazo a las evaluaciones efectuadas por parte de los jurados. | H29: 0.7 | I29: 44256 | J29: 44530 | K29: Micrositio convocatorias | Q29: No han sido seleccionados beneficiarios aún para iniciar su proceso de evaluación y revisión.
A30: R4 | B30: ='2.Identificacion_Riesgos'!E16 -> 0 | C30: ='2.Identificacion_Riesgos'!F16 -> 0 | D30: ='3.Controles'!E21 -> 0 | E30: ='2.Identificacion_Riesgos'!U16 -> 0 | N30: =IF(M30="SI","1. Describa el evento presentado 2. Genere una acción correctiva en isolucion 3. Realice nuevamente el proceso de analisis de riesgo"," ")
C34: ='2.Identificacion_Riesgos'!F17 -> 0 | D34: ='3.Controles'!E22 -> 0
C38: ='2.Identificacion_Riesgos'!F18 -> 0 | D38: ='3.Controles'!E23 -> 0
C42: ='2.Identificacion_Riesgos'!F19 -> 0 | D42: ='3.Controles'!E24 -> 0
C46: ='2.Identificacion_Riesgos'!F20 -> 0 | D46: ='3.Controles'!E25 -> 0
A50: R5 | B50: ='2.Identificacion_Riesgos'!E21 -> 0 | C50: ='2.Identificacion_Riesgos'!F21 -> 0 | D50: ='3.Controles'!E29 -> 0 | E50: ='2.Identificacion_Riesgos'!U21 -> 0 | N50: =IF(M50="SI","1. Describa el evento presentado 2. Genere una acción correctiva en isolucion 3. Realice nuevamente el proceso de analisis de riesgo"," ")
C54: ='2.Identificacion_Riesgos'!F22 -> 0 | D54: ='3.Controles'!E30 -> 0
C58: ='2.Identificacion_Riesgos'!F23 -> 0 | D58: ='3.Controles'!E31 -> 0
C62: ='2.Identificacion_Riesgos'!F24 -> 0 | D62: ='3.Controles'!E32 -> 0
C66: ='2.Identificacion_Riesgos'!F25 -> 0 | D66: ='3.Controles'!E33 -> 0
A70: R6 | B70: ='2.Identificacion_Riesgos'!E26 -> 0 | C70: ='2.Identificacion_Riesgos'!F26 -> 0 | D70: ='3.Controles'!E37 -> 0 | E70: ='2.Identificacion_Riesgos'!U26 -> 0 | N70: =IF(M70="SI","1. Describa el evento presentado 2. Genere una acción correctiva en isolucion 3. Realice nuevamente el proceso de analisis de riesgo"," ")
C74: ='2.Identificacion_Riesgos'!F27 -> 0 | D74: ='3.Controles'!E38 -> 0
C78: ='2.Identificacion_Riesgos'!F28 -> 0 | D78: ='3.Controles'!E39 -> 0
C82: ='2.Identificacion_Riesgos'!F29 -> 0 | D82: ='3.Controles'!E40 -> 0
C86: ='2.Identificacion_Riesgos'!F30 -> 0 | D86: ='3.Controles'!E41 -> 0
A90: R7 | B90: ='2.Identificacion_Riesgos'!E31 -> 0 | C90: ='2.Identificacion_Riesgos'!F31 -> 0 | D90: ='3.Controles'!E45 -> 0 | E90: ='2.Identificacion_Riesgos'!U31 -> 0 | N90: =IF(M90="SI","1. Describa el evento presentado 2. Genere una acción correctiva en isolucion 3. Realice nuevamente el proceso de analisis de riesgo"," ")
C94: ='2.Identificacion_Riesgos'!F32 -> 0 | D94: ='3.Controles'!E46 -> 0
C98: ='2.Identificacion_Riesgos'!F33 -> 0 | D98: ='3.Controles'!E47 -> 0
C102: ='2.Identificacion_Riesgos'!F34 -> 0 | D102: ='3.Controles'!E48 -> 0
C106: ='2.Identificacion_Riesgos'!F35 -> 0 | D106: ='3.Controles'!E49 -> 0
A110: R8 | B110: ='2.Identificacion_Riesgos'!E36 -> 0 | C110: ='2.Identificacion_Riesgos'!F36 -> 0 | D110: ='3.Controles'!E53 -> 0 | E110: ='2.Identificacion_Riesgos'!U36 -> 0 | N110: =IF(M110="SI","1. Describa el evento presentado 2. Genere una acción correctiva en isolucion 3. Realice nuevamente el proceso de analisis de riesgo"," ")
C114: ='2.Identificacion_Riesgos'!F37 -> 0 | D114: ='3.Controles'!E54 -> 0
C118: ='2.Identificacion_Riesgos'!F38 -> 0 | D118: ='3.Controles'!E55 -> 0
C122: ='2.Identificacion_Riesgos'!F39 -> 0 | D122: ='3.Controles'!E56 -> 0
C126: ='2.Identificacion_Riesgos'!F40 -> 0 | D126: ='3.Controles'!E57 -> 0
A130: R9 | B130: ='2.Identificacion_Riesgos'!E41 -> 0 | C130: ='2.Identificacion_Riesgos'!F41 -> 0 | D130: ='3.Controles'!E61 -> 0 | E130: ='2.Identificacion_Riesgos'!U41 -> 0 | N130: =IF(M130="SI","1. Describa el evento presentado 2. Genere una acción correctiva en isolucion 3. Realice nuevamente el proceso de analisis de riesgo"," ")
C134: ='2.Identificacion_Riesgos'!F42 -> 0 | D134: ='3.Controles'!E62 -> 0
C138: ='2.Identificacion_Riesgos'!F43 -> 0 | D138: ='3.Controles'!E63 -> 0
C142: ='2.Identificacion_Riesgos'!F44 -> 0 | D142: ='3.Controles'!E64 -> 0
C146: ='2.Identificacion_Riesgos'!F45 -> 0 | D146: ='3.Controles'!E65 -> 0
A150: R10 | B150: ='2.Identificacion_Riesgos'!E46 -> 0 | C150: ='2.Identificacion_Riesgos'!F46 -> 0 | D150: ='3.Controles'!E69 -> 0 | E150: ='2.Identificacion_Riesgos'!U46 -> 0 | N150: =IF(M150="SI","1. Describa el evento presentado 2. Genere una acción correctiva en isolucion 3. Realice nuevamente el proceso de analisis de riesgo"," ")
C154: ='2.Identificacion_Riesgos'!F47 -> 0 | D154: ='3.Controles'!E70 -> 0
C158: ='2.Identificacion_Riesgos'!F48 -> 0 | D158: ='3.Controles'!E71 -> 0
C162: ='2.Identificacion_Riesgos'!F49 -> 0 | D162: ='3.Controles'!E72 -> 0
C166: ='2.Identificacion_Riesgos'!F50 -> 0 | D166: ='3.Controles'!E73 -> 0

Sheet Hoja3
A1: tipo_riesgo | B1: Impacto | C1: Probabilidad | E1: Opciones de Manejo | H1: Corrupción | I1: Moderado
A2: Estratégico | B2: Insignificante | C2: Raro | E2: REDUCIRLO O MITIGARLO | H2: Corrupción | I2: Mayor
A3: Operativo | B3: Menor | C3: Improbable | E3: TRANSFERIR O COMPARTIR | H3: Corrupción | I3: Catastrófico
A4: Activo_Información | B4: Moderado | C4: Posible | E4: ASUMIR | H4: Estratégico | I4: Insignificante
A5: Financiera | B5: Mayor | C5: Probable | E5: EVITAR | H5: Estratégico | I5: Menor
A6: Cumplimiento | B6: Catastrófico | C6: Casi Seguro | H6: Estratégico | I6: Moderado
A7: Tecnología | H7: Estratégico | I7: Mayor
A8: Corrupción | H8: Estratégico | I8: Catastrófico
A9: Imagen | H9: Operativo | I9: Insignificante
H10: Operativo | I10: Menor
A11: PROBABILIDAD (J3) | B11: IMPACTO (L3) | C11: ZONA | H11: Operativo | I11: Moderado
A12: 1 | B12: 1 | C12: BAJO 4% | H12: Operativo | I12: Mayor
A13: 1 | B13: 2 | C13: BAJO 16% | H13: Operativo | I13: Catastrófico
A14: 2 | B14: 1 | C14: BAJO 8% | H14: Financiera | I14: Insignificante
A15: 2 | B15: 2 | C15: BAJO 20% | H15: Financiera | I15: Menor
A16: 3 | B16: 1 | C16: BAJO 13% | H16: Financiera | I16: Moderado
A17: 4 | B17: 1 | C17: MODERADO 24% | H17: Financiera | I17: Mayor
A18: 3 | B18: 2 | C18: MODERADO 28% | H18: Financiera | I18: Catastrófico
A19: 1 | B19: 3 | C19: MODERADO 32% | H19: Cumplimiento | I19: Insignificante
A20: 2 | B20: 3 | C20: MODERADO 36% | H20: Cumplimiento | I20: Menor
A21: 5 | B21: 1 | C21: ALTA 40% | H21: Cumplimiento | I21: Moderado
A22: 4 | B22: 2 | C22: ALTA 44% | H22: Cumplimiento | I22: Mayor
A23: 5 | B23: 2 | C23: ALTA 48% | H23: Cumplimiento | I23: Catastrófico
... A36: 5 | B36: 5 | C36: EXTREMA 100% | H36: Activo_Información | I36: Moderado
H37: Activo_Información | I37: Mayor
A38: CALIFICACION DE CONTROLES | H38: Activo_Información | I38: Catastrófico
A39: SI
A40: NO
A42: Frecuencia Control
A43: 1. Diario
A44: 2. Semanal
A45: 3. Quincenal
A46: 4. Mensual
A47: 5. Bimensual
A48: 6. Trimestral
A49: 7. Semestral
A50: 8. Anual
A51: 9. Por Demanda
A53: Valoracion | B53: Puntaje
A54: Control Automatico | B54: 20
A55: Control Manual | B55: 10
A56: Frecuencia Diario, Semanal | B56: 20
A57: Frecuencia Quincenal, Mensual, Bimensual, Trimestral,Semestral | B57: 15
A58: Frecuencia anual, demanda | B58: 10
A59: Estan documentados, formalizados y actualizados los controles | B59: 10
A60: Está(n) definido(s) el(los) responsable(s) de la ejecución del control (es) y del seguimiento | B60: 10
A61: Se cuenta con registros que evidencien la ejecución y seguimiento del control(es) | B61: 10
A62: En el tiempo que lleva el (los) control (es) ha demostrado ser efectiva | B62: 30
A65: Tipo
A66: Dirección
A67: Prestación_del_Servicio
A68: Apoyo
A71: Tipo | B71: Proceso/Subproceso | C71: Dependencia
A72: Dirección | B72: Planeación | C72: Oficina Asesora de Planeación | E72: Planeación
A73: Dirección | B73: Planeación | C73: Grupo de Prensa y Divulgacion | E73: Mejoramiento Continuo
A74: Dirección | B74: Mejoramiento Continuo | C74: Oficina de Control Interno | E74: Participación/Fomento a la Gestión Cultural Regional
A75: Dirección | B75: Mejoramiento Continuo | C75: Grupo de Atención al Ciudadano | E75: Participación/Gestión del Emprendimiento Cultural
A76: Prestación_del_Servicio | B76: Participación/Fomento a la Gestión Cultural Regional | C76: Dirección de Fomento Regional | E76: Participación/Apoyo a proyectos culturales y artísticos del Programa Nacional de Concertación
A77: Prestación_del_Servicio | B77: Participación/Gestión del Emprendimiento Cultural | C77: Grupo de Emprendimiento Cultural | E77: Participación/Estímulos a la Creación e Investigación
A78: Prestación_del_Servicio | B78: Participación/Apoyo a proyectos culturales y artísticos del Programa Nacional de Concertación | C78: Grupo Programa Nacional de Concertación | E78: Creación y Memoria/Gestión del Patrimonio Bibliográfico
A79: Prestación_del_Servicio | B79: Participación/Estímulos a la Creación e Investigación | C79: Grupo Programa Nacional de Estimulos | E79: Creación y Memoria/Gestión de la Actividad Artística
A80: Prestación_del_Servicio | B80: Participación | C80: Despacho Ministro /Asuntos Internacionales | E80: Creación y Memoria/Gestión del Desarrollo Artístico e Industrial de la Cinematografía
A81: Prestación_del_Servicio | B81: Creación y Memoria/Gestión del Patrimonio Bibliográfico | C81: Biblioteca Nacional | E81: Creación y Memoria/Gestión del Patrimonio Cultural
A82: Prestación_del_Servicio | B82: Creación y Memoria/Gestión de la Actividad Artística | C82: Dirección de Artes | E82: Creación y Memoria/Gestión creación y consolidación de infraestructura cultural
A83: Prestación_del_Servicio | B83: Creación y Memoria/Gestión del Desarrollo Artístico e Industrial de la Cinematografía | C83: Dirección de Cinematografía | E83: Creación y Memoria/Gestión de Museos
... A85: Prestación_del_Servicio | B85: Creación y Memoria/Gestión creación y consolidación de infraestructura cultural | C85: Grupo de Infraestructura Cultural | E85: Dialogo Cultura/Gestión de la Inclusión de la diversidad étnica y cultural
A86: Prestación_del_Servicio | B86: Creación y Memoria/Gestión de Museos | C86: Museo Nacional
A87: Prestación_del_Servicio | B87: Creación y Memoria/Gestión de Museos | C87: Grupo Programa Fortalecimiento a Museos | E87: Gestión Documental
A88: Prestación_del_Servicio | B88: Creación y Memoria/Gestión de Museos | C88: Museo Santa Clara | E88: Gestión Humana
A89: Prestación_del_Servicio | B89: Creación y Memoria/Gestión de Museos | C89: Museo Arte Colonial | E89: Contratación- Adquisición de Bienes y Servicios
A90: Prestación_del_Servicio | B90: Creación y Memoria/Gestión de Museos | C90: Museo de la Independencia | E90: Gestión Financiera y Contable
A91: Prestación_del_Servicio | B91: Creación y Memoria/Gestión de Museos | C91: Museo Quinta Bolivar | E91: Sistemas y Recursos Administrativos
A92: Prestación_del_Servicio | B92: Dialogo Cultura/Gestión de la comunicación y divulgación cultural | C92: Dirección de Comunicaciones | E92: Asesoría Jurídica
A93: Prestación_del_Servicio | B93: Dialogo Cultura/Gestión de la Inclusión de la diversidad étnica y cultural | C93: Dirección de Poblaciones
A94: Apoyo | B94: Gestión Documental | C94: Grupo de Gestion Documental
A95: Apoyo | B95: Gestión Humana | C95: Grupo de Gestion Humana
A96: Apoyo | B96: Contratación- Adquisición de Bienes y Servicios | C96: Grupo de Contratos y Convenios
A97: Apoyo | B97: Gestión Financiera y Contable | C97: Grupo de Gestion Financiera
A98: Apoyo | B98: Sistemas y Recursos Administrativos | C98: Grupo de Gestion Administrativa y de Servicios
A99: Apoyo | B99: Sistemas y Recursos Administrativos | C99: Grupo de Gestion de Sistemas e Informatica
A100: Apoyo | B100: Asesoría Jurídica | C100: Oficina Asesora Juridica
A101: Apoyo | B101: Asesoría Jurídica | C101: Grupo de Control Interno Disciplinario
A102: Evaluación | C102: Teatro Colon
A106: Tipo de Control
A107: Preventivos
A108: Detectivos
A109: Correctivos

Sheet 6.Resumen
C1: MAPA DE RIESGOS | N1: Página 6 de 6
N5: Código: | O5: FR-01-PR-MEJ-05
N6: Versión: | O6: 3
N7: Fecha: | O7: 43783
A8: PROCESO | C8: FOMENTO | E8: RESPONSABLE DEL PROCESO | G8: DIRECTOR (A) DE FOMENTO | J8: LÍDER SISTEMAS DE GESTIÓN | L8: ANDRES RIAÑO DIAZ / DAYCI JANNETH MEDINA
A10: ID | B10: RIESGO | C10: CAUSA | D10: CONSECUENCIA | E10: TIPOLOGÍA DE RIESGOS | F10: PROBABILIDAD | G10: IMPACTO | H10: ZONA DE RIESGO INHERENTE | I10: CONTROLES | J10: ZONA DE RIESGO RESIDUAL | K10: TRATAMIENTO | L10: ACCIÓN | M10: RESPOSABLE SEGUIMIENTO | N10: FECHA FINAL | O10: DEPENDENCIA
A11: ='2.Identificacion_Riesgos'!A10 -> R1 | B11: ='2.Identificacion_Riesgos'!E10 -> Las propuestas inscritas en cada una de las convocatorias no sean suficientes para entregrar y ejecutar la totalidad de los recursos asignados. | C11: ='2.Identificacion_Riesgos'!F10 -> 1. Los canales de difusión utilizados no integran la totalidad de la poblción objetivo. | D11: ='2.Identificacion_Riesgos'!G10 -> 1, Incumplimiento metas institucionales. 2, Desaprovechamiento de los recuros destinados para las convocatorias | E11: ='2.Identificacion_Riesgos'!H10 -> Operativos | F11: ='2.Identificacion_Riesgos'!I10 -> Posible | G11: ='2.Identificacion_Riesgos'!K10 -> Menor | H11: ='2.Identificacion_Riesgos'!M10 -> MODERADO 28% | I11: ='3.Controles'!E9 -> Se diseña un plan de comunicación y difusión de las convocatorias junto con la oficina asesora de comunicaciones. | J11: ='2.Identificacion_Riesgos'!U10 -> BAJO 4% | K11: ='2.Identificacion_Riesgos'!V10 -> REDUCIRLO O MITIGARLO | L11: ='5.Plan Manejo'!F13 -> De acuerdo con el PR-FOM-04 Programa distrital de estímulos, se asignan las responsabilidades de cada étapa. | M11: ='5.Plan Manejo'!L13 -> Dirección de Fomento (Profesionales encargados de la convocatoria) | N11: ='5.Plan Manejo'!J13 -> 44530 | O11: ='2.Identificacion_Riesgos'!D10 -> Dirección de Fomento
C12: ='2.Identificacion_Riesgos'!F11 -> 2, La formulación de las convocatorias no contempló un análisis profundo de la población objetivo de la convocatoria. | I12: ='3.Controles'!E10 -> Se verifica que la información correspondiente a la formulación de la convocatoria este acorde con las condiciones establecidas. | N12: ='5.Plan Manejo'!J17 -> 44500
A13: ='2.Identificacion_Riesgos'!A12 -> R2 | B13: ='2.Identificacion_Riesgos'!E12 -> Incumplimiento en la ejecución de las actividades planteadas en los proyectos ganadores de las convocatorias. | C13: ='2.Identificacion_Riesgos'!F12 -> 1,No se presta el acompañamiento adecuado por parte de las SCRD para el cumpliento de las actividades. | D13: ='2.Identificacion_Riesgos'!G12 -> 1, Perdida de creidibilidad de los proceso que adelanta la entidad. 2, Sanciones disiplinarias. | E13: ='2.Identificacion_Riesgos'!H12 -> Cumplimiento | F13: ='2.Identificacion_Riesgos'!I12 -> Raro | G13: ='2.Identificacion_Riesgos'!K12 -> Menor | H13: ='2.Identificacion_Riesgos'!M12 -> BAJO 16% | I13: ='3.Controles'!E13 -> Se verifica el cumplimiento de las actividades a través del acompañamiento de cada uno de los responsables encargados. | J13: ='2.Identificacion_Riesgos'!U12 -> BAJO 4% | K13: ='2.Identificacion_Riesgos'!V12 -> REDUCIRLO O MITIGARLO | L13: ='5.Plan Manejo'!F21 -> De acuerdo con el PR-FOM-04 Programa distrital de estímulos, se asignan las responsabilidades de cada étapa. | M13: ='5.Plan Manejo'!L21 -> Dirección de Fomento (Profesionales encargados de la convocatoria) | N13: ='5.Plan Manejo'!J21 -> 44530 | O13: ='2.Identificacion_Riesgos'!D12 -> Dirección de Fomento
C14: ='2.Identificacion_Riesgos'!F13 -> 2, El proceso de evaluación no identifica las falencias en la formulación de los proyectos. | I14: ='3.Controles'!E14 -> Se realiza proceso de evaluación a cada una de las propuestas participantes. | N14: ='5.Plan Manejo'!J25 -> 44530
A15: ='2.Identificacion_Riesgos'!A14 -> R3 | B15: ='2.Identificacion_Riesgos'!E14 -> Manipulación de la información para que los participantes reciban un beneficio economico sin cumplir con los requisitos establecidos, para beneficio porpio o de un tercero. | C15: ='2.Identificacion_Riesgos'!F14 -> 1, No se realiza la adecuada verificación de las propuestas por parte de el misional encragado de la convocatoria. | D15: ='2.Identificacion_Riesgos'!G14 -> Perdida de credibilidad de los programas, generando sanciones disciplinarias, fiscales y penales. | E15: ='2.Identificacion_Riesgos'!H14 -> Corrupcion | F15: ='2.Identificacion_Riesgos'!I14 -> Posible | G15: ='2.Identificacion_Riesgos'!K14 -> Moderado | H15: ='2.Identificacion_Riesgos'!M14 -> ALTO 52% | I15: ='3.Controles'!E17 -> Verificación del cumplimiento de los requisitos para cada participante | J15: ='2.Identificacion_Riesgos'!U14 -> BAJO 4% | K15: ='2.Identificacion_Riesgos'!V14 -> REDUCIRLO O MITIGARLO | L15: ='5.Plan Manejo'!F26 -> Documentar en el respectivo expediente de la convocatoria los análisis y evaluaciones realizadas. | M15: ='5.Plan Manejo'!L26 -> Dirección de Fomento (Profesionales encargados de la convocatoria) | N15: ='5.Plan Manejo'!J26 -> 44530 | O15: ='2.Identificacion_Riesgos'!D14 -> Dirección de Fomento
C16: ='2.Identificacion_Riesgos'!F15 -> 2, El proceso de evaluación por los jurados no cumple con los criterios establecidos por la convocatoria | I16: ='3.Controles'!E18 -> Distribución del proceso de evaluaciones en los diferentes responsables de la convocatoria. | L16: ='5.Plan Manejo'!F28 -> De acuerdo con el PR-FOM-04 Programa distrital de estímulos, se asignan las responsabilidades de cada étapa de evaluación. | N16: ='5.Plan Manejo'!J28 -> 44530
A17: ='2.Identificacion_Riesgos'!A16 -> R4 | B17: ='2.Identificacion_Riesgos'!E16 -> 0 | C17: ='2.Identificacion_Riesgos'!F16 -> 0 | D17: ='2.Identificacion_Riesgos'!G16 -> 0 | E17: ='2.Identificacion_Riesgos'!H16 -> 0 | F17: ='2.Identificacion_Riesgos'!I16 -> 0 | G17: ='2.Identificacion_Riesgos'!K16 -> 0 | H17: ='2.Identificacion_Riesgos'!M16 -> 0 | I17: ='3.Controles'!E21 -> 0 | J17: ='2.Identificacion_Riesgos'!U16 -> 0 | K17: ='2.Identificacion_Riesgos'!V16 -> 0 | L17: ='5.Plan Manejo'!F30 -> 0 | M17: ='5.Plan Manejo'!L30 -> 0 | N17: ='5.Plan Manejo'!J33 -> 0 | O17: ='2.Identificacion_Riesgos'!D16 -> 0
C18: ='2.Identificacion_Riesgos'!F17 -> 0 | I18: ='3.Controles'!E22 -> 0 | L18: ='5.Plan Manejo'!F34 -> 0 | N18: ='5.Plan Manejo'!J37 -> 0
C19: ='2.Identificacion_Riesgos'!F18 -> 0 | I19: ='3.Controles'!E23 -> 0 | L19: ='5.Plan Manejo'!F38 -> 0 | N19: ='5.Plan Manejo'!J37 -> 0
C20: ='2.Identificacion_Riesgos'!F19 -> 0 | I20: ='3.Controles'!E24 -> 0 | L20: ='5.Plan Manejo'!F42 -> 0 | N20: ='5.Plan Manejo'!J45 -> 0
C21: ='2.Identificacion_Riesgos'!F20 -> 0 | I21: ='3.Controles'!E25 -> 0 | L21: ='5.Plan Manejo'!F46 -> 0 | N21: ='5.Plan Manejo'!J49 -> 0
A22: ='2.Identificacion_Riesgos'!A21 -> R5 | B22: ='2.Identificacion_Riesgos'!E21 -> 0 | C22: ='2.Identificacion_Riesgos'!F21 -> 0 | D22: ='2.Identificacion_Riesgos'!G21 -> 0 | E22: ='2.Identificacion_Riesgos'!H21 -> 0 | F22: ='2.Identificacion_Riesgos'!I21 -> 0 | G22: ='2.Identificacion_Riesgos'!K21 -> 0 | H22: ='2.Identificacion_Riesgos'!M21 -> 0 | I22: ='3.Controles'!E29 -> 0 | J22: ='2.Identificacion_Riesgos'!U21 -> 0 | K22: ='2.Identificacion_Riesgos'!V21 -> 0 | L22: ='5.Plan Manejo'!F50 -> 0 | M22: ='5.Plan Manejo'!L50 -> 0 | N22: ='5.Plan Manejo'!J53 -> 0 | O22: ='2.Identificacion_Riesgos'!D21 -> 0
C23: ='2.Identificacion_Riesgos'!F22 -> 0 | I23: ='3.Controles'!E30 -> 0 | L23: ='5.Plan Manejo'!F54 -> 0 | N23: ='5.Plan Manejo'!J57 -> 0
C24: ='2.Identificacion_Riesgos'!F23 -> 0 | I24: ='3.Controles'!E31 -> 0 | L24: ='5.Plan Manejo'!F58 -> 0 | N24: ='5.Plan Manejo'!J61 -> 0
C25: ='2.Identificacion_Riesgos'!F24 -> 0 | I25: ='3.Controles'!E32 -> 0 | L25: ='5.Plan Manejo'!F62 -> 0 | N25: ='5.Plan Manejo'!J65 -> 0
C26: ='2.Identificacion_Riesgos'!F25 -> 0 | I26: ='3.Controles'!E33 -> 0 | L26: ='5.Plan Manejo'!F66 -> 0 | N26: ='5.Plan Manejo'!J69 -> 0
A27: ='2.Identificacion_Riesgos'!A26 -> R6 | B27: ='2.Identificacion_Riesgos'!E26 -> 0 | C27: ='2.Identificacion_Riesgos'!F26 -> 0 | D27: ='2.Identificacion_Riesgos'!G26 -> 0 | E27: ='2.Identificacion_Riesgos'!H26 -> 0 | F27: ='2.Identificacion_Riesgos'!I26 -> 0 | G27: ='2.Identificacion_Riesgos'!K26 -> 0 | H27: ='2.Identificacion_Riesgos'!M26 -> 0 | I27: ='3.Controles'!E37 -> 0 | J27: ='2.Identificacion_Riesgos'!U26 -> 0 | K27: ='2.Identificacion_Riesgos'!V26 -> 0 | L27: ='5.Plan Manejo'!F70 -> 0 | M27: ='5.Plan Manejo'!L70 -> 0 | N27: ='5.Plan Manejo'!J73 -> 0 | O27: ='2.Identificacion_Riesgos'!D26 -> 0
C28: ='2.Identificacion_Riesgos'!F27 -> 0 | I28: ='3.Controles'!E38 -> 0 | L28: ='5.Plan Manejo'!F74 -> 0 | N28: ='5.Plan Manejo'!J77 -> 0
C29: ='2.Identificacion_Riesgos'!F28 -> 0 | I29: ='3.Controles'!E39 -> 0 | L29: ='5.Plan Manejo'!F78 -> 0 | N29: ='5.Plan Manejo'!J81 -> 0
C30: ='2.Identificacion_Riesgos'!F29 -> 0 | I30: ='3.Controles'!E40 -> 0 | L30: ='5.Plan Manejo'!F82 -> 0 | N30: ='5.Plan Manejo'!J85 -> 0
C31: ='2.Identificacion_Riesgos'!F30 -> 0 | I31: ='3.Controles'!E41 -> 0 | L31: ='5.Plan Manejo'!F86 -> 0 | N31: ='5.Plan Manejo'!J89 -> 0
A32: ='2.Identificacion_Riesgos'!A31 -> R7 | B32: ='2.Identificacion_Riesgos'!E31 -> 0 | C32: ='2.Identificacion_Riesgos'!F31 -> 0 | D32: ='2.Identificacion_Riesgos'!G31 -> 0 | E32: ='2.Identificacion_Riesgos'!H31 -> 0 | F32: ='2.Identificacion_Riesgos'!I31 -> 0 | G32: ='2.Identificacion_Riesgos'!K31 -> 0 | H32: ='2.Identificacion_Riesgos'!M31 -> 0 | I32: ='3.Controles'!E45 -> 0 | J32: ='2.Identificacion_Riesgos'!U31 -> 0 | K32: ='2.Identificacion_Riesgos'!V31 -> 0 | L32: ='5.Plan Manejo'!F90 -> 0 | M32: ='5.Plan Manejo'!L90 -> 0 | N32: ='5.Plan Manejo'!J93 -> 0 | O32: ='2.Identificacion_Riesgos'!D31 -> 0
C33: ='2.Identificacion_Riesgos'!F32 -> 0 | I33: ='3.Controles'!E46 -> 0 | L33: ='5.Plan Manejo'!F94 -> 0 | N33: ='5.Plan Manejo'!J97 -> 0
C34: ='2.Identificacion_Riesgos'!F33 -> 0 | I34: ='3.Controles'!E47 -> 0 | L34: ='5.Plan Manejo'!F98 -> 0 | N34: ='5.Plan Manejo'!J101 -> 0
C35: ='2.Identificacion_Riesgos'!F34 -> 0 | I35: ='3.Controles'!E48 -> 0 | L35: ='5.Plan Manejo'!F102 -> 0 | N35: ='5.Plan Manejo'!J105 -> 0
C36: ='2.Identificacion_Riesgos'!F35 -> 0 | I36: ='3.Controles'!E49 -> 0 | L36: ='5.Plan Manejo'!F106 -> 0 | N36: ='5.Plan Manejo'!J109 -> 0
A37: ='2.Identificacion_Riesgos'!A36 -> R8 | B37: ='2.Identificacion_Riesgos'!E36 -> 0 | C37: ='2.Identificacion_Riesgos'!F36 -> 0 | D37: ='2.Identificacion_Riesgos'!G36 -> 0 | E37: ='2.Identificacion_Riesgos'!H36 -> 0 | F37: ='2.Identificacion_Riesgos'!I36 -> 0 | G37: ='2.Identificacion_Riesgos'!K36 -> 0 | H37: ='2.Identificacion_Riesgos'!M36 -> 0 | I37: ='3.Controles'!E53 -> 0 | J37: ='2.Identificacion_Riesgos'!U36 -> 0 | K37: ='2.Identificacion_Riesgos'!V36 -> 0 | L37: ='5.Plan Manejo'!F110 -> 0 | M37: ='5.Plan Manejo'!L110 -> 0 | N37: ='5.Plan Manejo'!J113 -> 0 | O37: ='2.Identificacion_Riesgos'!D36 -> 0
C38: ='2.Identificacion_Riesgos'!F37 -> 0 | I38: ='3.Controles'!E54 -> 0 | L38: ='5.Plan Manejo'!F114 -> 0 | N38: ='5.Plan Manejo'!J117 -> 0
C39: ='2.Identificacion_Riesgos'!F38 -> 0 | I39: ='3.Controles'!E55 -> 0 | L39: ='5.Plan Manejo'!F118 -> 0 | N39: ='5.Plan Manejo'!J121 -> 0
C40: ='2.Identificacion_Riesgos'!F39 -> 0 | I40: ='3.Controles'!E56 -> 0 | L40: ='5.Plan Manejo'!F122 -> 0 | N40: ='5.Plan Manejo'!J125 -> 0
C41: ='2.Identificacion_Riesgos'!F40 -> 0 | I41: ='3.Controles'!E57 -> 0 | L41: ='5.Plan Manejo'!F126 -> 0 | N41: ='5.Plan Manejo'!J129 -> 0
A42: ='2.Identificacion_Riesgos'!A41 -> R9 | B42: ='2.Identificacion_Riesgos'!E41 -> 0 | C42: ='2.Identificacion_Riesgos'!F41 -> 0 | D42: ='2.Identificacion_Riesgos'!G41 -> 0 | E42: ='2.Identificacion_Riesgos'!H41 -> 0 | F42: ='2.Identificacion_Riesgos'!I41 -> 0 | G42: ='2.Identificacion_Riesgos'!K41 -> 0 | H42: ='2.Identificacion_Riesgos'!M41 -> 0 | I42: ='3.Controles'!E61 -> 0 | J42: ='2.Identificacion_Riesgos'!U41 -> 0 | K42: ='2.Identificacion_Riesgos'!V41 -> 0 | L42: ='5.Plan Manejo'!F130 -> 0 | M42: ='5.Plan Manejo'!L130 -> 0 | N42: ='5.Plan Manejo'!J133 -> 0 | O42: ='2.Identificacion_Riesgos'!D41 -> 0
C43: ='2.Identificacion_Riesgos'!F42 -> 0 | I43: ='3.Controles'!E62 -> 0 | L43: ='5.Plan Manejo'!F134 -> 0 | N43: ='5.Plan Manejo'!J137 -> 0
C44: ='2.Identificacion_Riesgos'!F43 -> 0 | I44: ='3.Controles'!E63 -> 0 | L44: ='5.Plan Manejo'!F138 -> 0 | N44: ='5.Plan Manejo'!J141 -> 0
C45: ='2.Identificacion_Riesgos'!F44 -> 0 | I45: ='3.Controles'!E64 -> 0 | L45: ='5.Plan Manejo'!F142 -> 0 | N45: ='5.Plan Manejo'!J145 -> 0
C46: ='2.Identificacion_Riesgos'!F45 -> 0 | I46: ='3.Controles'!E65 -> 0 | L46: ='5.Plan Manejo'!F146 -> 0 | N46: ='5.Plan Manejo'!J149 -> 0
A47: ='2.Identificacion_Riesgos'!A46 -> R10 | B47: ='2.Identificacion_Riesgos'!E46 -> 0 | C47: ='2.Identificacion_Riesgos'!F46 -> 0 | D47: ='2.Identificacion_Riesgos'!G46 -> 0 | E47: ='2.Identificacion_Riesgos'!H46 -> 0 | F47: ='2.Identificacion_Riesgos'!I46 -> 0 | G47: ='2.Identificacion_Riesgos'!K46 -> 0 | H47: ='2.Identificacion_Riesgos'!M46 -> 0 | I47: ='3.Controles'!E69 -> 0 | J47: ='2.Identificacion_Riesgos'!U46 -> 0 | K47: ='2.Identificacion_Riesgos'!V46 -> 0 | L47: ='5.Plan Manejo'!F150 -> 0 | M47: ='5.Plan Manejo'!L150 -> 0 | N47: ='5.Plan Manejo'!J149 -> 0 | O47: ='2.Identificacion_Riesgos'!D46 -> 0
C48: ='2.Identificacion_Riesgos'!F47 -> 0 | I48: ='3.Controles'!E70 -> 0 | L48: ='5.Plan Manejo'!F154 -> 0 | N48: ='5.Plan Manejo'!J157 -> 0
C49: ='2.Identificacion_Riesgos'!F48 -> 0 | I49: ='3.Controles'!E71 -> 0 | L49: ='5.Plan Manejo'!F158 -> 0 | N49: ='5.Plan Manejo'!J161 -> 0
C50: ='2.Identificacion_Riesgos'!F49 -> 0 | I50: ='3.Controles'!E72 -> 0 | L50: ='5.Plan Manejo'!F162 -> 0 | N50: ='5.Plan Manejo'!J165 -> 0
C51: ='2.Identificacion_Riesgos'!F50 -> 0 | I51: ='3.Controles'!E73 -> 0 | L51: ='5.Plan Manejo'!F166 -> 0 | N51: ='5.Plan Manejo'!J169 -> 0

Sheet Ident. riesgos corrupción
A1: MATRIZ DEFINICIÓN DE LOS RIEGOS DE CORRUPCIÓN | H1: Criterios para calificar el Impacto - Riesgos de Corrupción
A2: No. | B2: Riesgo | C2: Acción u omisión | D2: Uso del poder | E2: Desviar la Gestión de lo Público | F2: Beneficio a terceros | H2: No. | I2: Preguntas: Si el riesgo de corrupción se materializa podría… | J2: R3 | K2: 1=Si / 0=No
A3: R6 | B3: Manipulación de la información, para beneficiar algún participante | C3: x | D3: x | E3: x | F3: x | H3: 1 | I3: ¿Afectar al grupo de funcionarios del proceso? | J3: 1 | K3: Responder afirmativamente de UNO a CINCO pregunta(s) genera un impacto moderado. Responder afirmativamente de SEIS a ONCE preguntas genera un impacto mayor. Responder afirmativamente de DOCE a DIECINUEVE preguntas genera un impacto catastrófico.
H4: 2 | I4: ¿Afectar el cumplimiento de metas y objetivos de la dependencia? | J4: 0
H5: 3 | I5: ¿Afectar el cumplimiento de misión de la Entidad? | J5: 1
H6: 4 | I6: ¿Afectar el cumplimiento de la misión del sector al que pertenece la Entidad? | J6: 1
H7: 5 | I7: ¿Generar pérdida de confianza de la Entidad, afectando su reputación? | J7: 1
H8: 6 | I8: ¿Generar pérdida de recursos económicos? | J8: 0
H9: 7 | I9: ¿Afectar la generación de los productos o la prestación de servicios? | J9: 0
H10: 8 | I10: ¿Dar lugar al detrimento de calidad de vida de la comunidad por la pérdida del bien o servicios o los recursos públicos? | J10: 0
H11: 9 | I11: ¿Generar pérdida de información de la Entidad? | J11: 0
H12: 10 | I12: ¿Generar intervención de los órganos de control, de la Fiscalía, u otro ente? | J12: 0
H13: 11 | I13: ¿Dar lugar a procesos sancionatorios? | J13: 1
H14: 12 | I14: ¿Dar lugar a procesos disciplinarios? | J14: 1
H15: 13 | I15: ¿Dar lugar a procesos fiscales? | J15: 0
... H20: 18 | I20: ¿Afectar la imagen nacional? | J20: 0
B21: Acción u omisión + uso del poder + desviación de la gestión de lo público + el beneficio a terceros | H21: 19 | I21: ¿Generar daño ambiental? | J21: 0
H22: TOTAL | J22: =SUM(J3:J21) -> 7
I28: 2,No se presta el acompañamiento adecuado por parte de las SCRD para el cumpliento de las actividades.
